 Dungeon Crawl Stone Soup version 0.31-a0-221-gbddc013574 (webtiles) character file.

Game seed: 14202781784359521352

313830 qw the Peltast (level 21, -19/144 HPs)
             Began as a Gargoyle Fighter on July 4, 2023.
             Was a High Priest of Okawaru.
             Killed from afar by a fire dragon (42 damage)
             ... with a blast of flame
             ... while paralysed by a floating eye
             ... on level 1 of the Depths.
             The game lasted 00:26:55 (38030 turns).

qw the Peltast (Gargoyle Fighter)                  Turns: 38030, Time: 00:26:56

Health: -19/144    AC: 53    Str: 35    XL:     21   Next: 34%
Magic:  25/28      EV:  2    Int: 13    God:    Okawaru [*****.]
Gold:   2158       SH:  0    Dex:  9    Spells: 20/20 levels left

rFire   . . .        s - +10 broad axe of Toffuxae {speed, Int+2}
rCold   . . .        b - +0 tower shield
rNeg    + + .        r - +1 plate armour {rN+}
rPois   inf          e - +2 helmet
rElec   +            p - scarf {repulsion}
rCorr   .            l - +2 pair of gloves
SInv    .            a - +2 pair of boots
Will    +....        w - amulet of regeneration Stlth
                     q - +6 ring of strength
HPRegen 1.24/turn    o - +4 ring of protection
MPRegen 0.21/turn

%: repel missiles
@: paralysed, heroic, finesse-ful, flying
A: sickness immunity, AC +16, big wings, negative energy resistance 1,
electricity resistance, torment resistance 1, petrification resistance, subdued
magic 1
}: 2/15 runes: decaying, gossamer
a: Renounce Religion, Heroism, Finesse, Duel


You were on level 1 of the Depths.
You worshipped Okawaru.
Okawaru was extremely pleased with you.
You visited 8 branches of the dungeon, and saw 36 of its levels.

You collected 4053 gold pieces.
You spent 1895 gold pieces at shops.


Innate Abilities, Weirdness & Mutations

You are immune to sickness and miasma.
Your stone body is resilient. (AC +16)
You are immune to poison.
Your large and strong wings let you fly.
You resist negative energy. (rN+)
You are resistant to electric shocks. (rElec)
You are resistant to unholy torment.
You are immune to petrification.
Your spells are a little easier to cast, but a little less powerful.


   Skills:
 - Level 19.0(24.0) Fighting
 - Level 18.0(23.0) Axes
 - Level 10.0(15.0) Throwing
 + Level 17.8(22.8) Armour
 - Level 5.0(10.0) Dodging
 - Level 20.0(25.0) Shields
 - Level 10.0 Invocations


You had 20 spell levels left.
You didn't know any spells.
Your spell library was empty.

Inventory:

Hand Weapons
 s - the +10 broad axe of Toffuxae (weapon) {speed, Int+2}
   (You found it on level 1 of the Lair of Beasts)

   Int:       It affects your intelligence (+2).
 E - a +1 broad axe of venom
Missiles
 n - 5 boomerangs
 H - a javelin
 K - 4 silver javelins (quivered)
Armour
 a - a +2 pair of boots (worn)
 b - a +0 tower shield (worn)
 e - a +2 helmet (worn)
 i - a +1 cloak
 l - a +2 pair of gloves (worn)
 p - a scarf of repulsion (worn)
 r - a +1 plate armour of positive energy (worn)
 C - +0 fire dragon scales
 D - a +1 chain mail of cold resistance
Jewellery
 o - a +4 ring of protection (right hand)
 q - a +6 ring of strength (left hand)
 v - a ring of protection from fire
 w - an amulet of regeneration (around neck)
 x - a ring of protection from cold
 B - a ring of protection from cold
 I - a ring of fire
Scrolls
 f - 6 scrolls of teleportation
 k - 23 scrolls of identify
 y - 3 scrolls of brand weapon
 F - 2 scrolls of enchant weapon
Potions
 c - a potion of lignification
 d - 10 potions of might
 g - 4 potions of cancellation
 h - 6 potions of attraction
 j - 8 potions of mutation
 m - 3 potions of magic
 t - 8 potions of haste
 u - 3 potions of enlightenment
 z - 5 potions of heal wounds
 A - 6 potions of curing

Dungeon Overview and Level Annotations

Branches:
Dungeon (15/15)            Temple (1/1) D:4            Lair (5/5) D:9
  Swamp (4/4) Lair:2       Spider (4/4) Lair:3        Slime (0/5) Lair:4
    Orc (2/2) D:12            Elf (0/3) Orc:2        Vaults (4/5) D:13
  Crypt (0/3) Vaults:2     Depths (1/4) D:15

Altars:
Ashenzari
Cheibriados
Dithmenos
Elyvilon
Fedhas
Gozag
Hepliaklqana
Kikubaaqudgha
Makhleb
Nemelex Xobeh
Okawaru
Qazlal
Ru
Sif Muna
Trog
Uskayaw
Vehumet
Wu Jian
Xom
Yredelemnul
Zin
The Shining One
Ignis
Jiyva
Lugonu

Shops:
D:1 (   D:2 *   D:4 *   D:6 :   D:9 [   D:10 *[   D:11 *   D:12 [   D:14 :
Orc:2 ?:(!:

Portals:
Hell: Depths:1
Abyss: Lair:5

Annotations:
D:3 3 runed translucent doors, qw's ghost, amateur MiHs
D:7 1 runed translucent door, Crazy Yiuf
D:9 exclusions: obsidian statue and 8 orcs
Vaults:1 2 transporters, qw's ghost, adept DEHu
Vaults:3 2 runed translucent doors, Bailed's ghost, veteran MiMo; Ugguttuj's ghost, veteran DrWn


Message History

You block the deep troll earth mage's attack. x2
The red ugly thing tentacle-slaps you but does no damage.
You slash the deep troll earth mage!
The deep troll earth mage is severely wounded.
You slash the red ugly thing!
You completely miss the deep troll earth mage.
The deep troll earth mage is severely wounded.
You slash the red ugly thing!
A deep troll comes into view.
A deep troll earth mage comes into view.
The floating eye gazes piercingly through you!
You suddenly lose the ability to move!
The deep troll earth mage bites you but does no damage.
The deep troll earth mage claws you but does no damage. x2
The deep troll earth mage casts a spell next to you.
The wall shatters!
The blast of rock fragments hits you but does no damage.
The red ugly thing tentacle-slaps you!
You are engulfed in flames!
The floating eye seems to glare at you. The fire dragon breathes flames at you.
The blast of flame hits you!!!
You hear an angry buzzing noise. x2
The deep troll earth mage bites you but does no damage.
The deep troll earth mage claws you but does no damage.
The deep troll earth mage claws you.
The red ugly thing tentacle-slaps you but does no damage.
A floating eye comes into view.
The fire dragon bites you but does no damage.
The fire dragon barely misses you. The fire dragon tramples you.
You hold your ground!
The deep troll earth mage bites you but does no damage.
The deep troll earth mage claws you but does no damage. x2
The red ugly thing tentacle-slaps you but does no damage.
The deep troll earth mage bites you but does no damage.
The deep troll earth mage claws you.
The deep troll earth mage claws you but does no damage.
A deep troll comes into view.
The fire dragon breathes flames at you. The blast of flame hits you!!!
You die...

..## #.# ...## #.#
.. ..>.## #.# .
.>...#########.+ .##
...............#
...#
...............#
#...
...............#
#C.#
.....#######)#.##DT#
....## #[#.(@T#
...## #.#.#u#Lu#
..## #.#.##C.#CGT
.## #...#


u#L.TG. ## ##..# TT $..$ # #..' $#$ u/ # #..# .$.$ . # #.. $# .. # You could see
a titan, a brown very ugly thing, a fire giant, a fire dragon (catching breath),
a stone giant, a lich (fast), 2 ugly things, 3 deep trolls, 3 deep troll earth
magi and 2 floating eyes.

Vanquished Creatures
  Margery (Vaults:3)
  Nikola (Spider:2)
  Jorgrun (D:13)
  3 tentacled monstrosities
  Asterion (Spider:3)
  Frances (Swamp:1)
  3 thorn hunters
  A tengu reaver (Depths:1)
  Donald (Swamp:2)
  Kirke (D:12)
  5 fenstrider witches
  A frost giant (Depths:1)
  2 fire giants (Depths:1)
  8 vault wardens
  4 ghost moths
  9 emperor scorpions
  Louise (Spider:3)
  A curse skull (Vaults:2)
  3 orc warlords
  A ghoul (Swamp:4)
  A spriggan defender (Depths:1)
  3 very ugly things (Depths:1)
  10 ironbound preservers
  A broodmother (Spider:3)
  A war gargoyle (Vaults:4)
  A formless jellyfish (Vaults:2)
  7 stone giants (Depths:1)
  A reaper (Swamp:4)
  9 ironbound thunderhulks
  15 dire elephants
  A deep elf demonologist (Vaults:2)
  5 eleionomae
  2 spark wasps (Depths:1)
  6 bunyips
  A blizzard demon (Swamp:4)
  3 ettins
  Snorg (D:10)
  Josephine (D:10)
  4 entropy weavers
  A jiangshi (Vaults:2)
  6 yaktaur captains
  2 shambling mangroves
  3 vault guards (Vaults:4)
  A fire dragon (D:15)
  9 great orbs of eyes
  A peacekeeper (Vaults:4)
  Erolcha (D:13)
  2 rakshasas
  An ice dragon (D:15)
  8 ogre magi
  2 spriggan air magi (Swamp:4)
  15 hydras
  Erica (D:11)
  9 ironbound frosthearts
  An anaconda (shapeshifter) (Depths:1)
  2 radroaches
  A catoblepas (Lair:5)
  3 boulder beetles
  7 alligators
  12 centaur warriors
  19 two-headed ogres
  3 demonic crawlers
  10 death yaks
  2 vampire magi
  2 thrashing horrors (Lair:5)
  4 hell knights (Vaults:3)
  4 spriggan berserkers
  A soul eater (Swamp:4)
  Sonja (D:10)
  7 goliath frogs
  Nergalle (D:12)
  2 skysharks
  9 skeletal warriors
  A death drake (Swamp:4)
  A shadow demon (Depths:1)
  4 pharaoh ants
  A sun moth (Spider:4)
  24 deep trolls
  8 swamp dragons
  A flayed ghost (Depths:1)
  5 bog bodies
  5 spriggan druids
  7 orb spiders
  A glowing orange brain (Vaults:2)
  Pikel (D:7)
  3 wizards
  6 lindwurms
  4 deep elf pyromancers
  4 steelbarb worms
  13 ironbound convokers
  4 large abominations (Lair:5)
  2 manticores
  A tengu skeleton (Vaults:1)
  4 necromancers
  6 orc knights (Vaults:2)
  5 orc sorcerers
  17 wolf spiders
  22 ugly things
  2 will-o-the-wisps
  2 frost giant zombies (Vaults:1)
  11 cyclopes
  A human zombie (Vaults:1)
  19 elephants
  6 centaur zombies (D:12)
  3 moths of wrath
  3 black mambas
  9 vault sentinels
  2 gargoyles
  Maurice (D:8)
  2 smoke demons (Lair:5)
  A yaktaur zombie (Vaults:1)
  3 torpor snails
  An unseen horror (D:13)
  12 cane toads
  2 kobold demonologists
  4 komodo dragons
  2 rime drakes (Lair:2)
  4 tengu conjurers
  32 yaktaurs
  An efreet (D:13)
  7 trolls
  2 ancient zymes (Lair:5)
  A polar bear (Lair:5)
  7 bloated husks
  6 meliai (Spider:4)
  Grinder (D:4)
  13 tyrant leeches
  23 hornets
  A wolf spider simulacrum (D:15)
  2 hellwings (Swamp:4)
  12 blink frogs
  4 dream sheep (Lair:5)
  An ettin zombie (Vaults:1)
  47 tarantellas
  A meliai zombie (D:12)
  Sigmund (D:3)
  19 culicivoras
  31 jumping spiders
  9 slime creatures
  A ynoxinul (Lair:5)
  2 shadows (D:12)
  16 spriggans
  4 vampires
  4 humans (D:12)
  46 yaks
  11 small abominations (Lair:5)
  2 hogs (D:12)
  8 wraiths
  7 basilisks
  7 chaos spawn
  4 wyverns
  11 vampire mosquitoes
  2 neqoxecs (Swamp:4)
  58 redbacks
  9 wargs
  17 swamp worms
  An acid dragon (D:14)
  15 orc warriors
  13 water moccasins
  Duvessa (D:4)
  6 swamp drakes
  2 floating eyes (Orc:1)
  A black bear (D:8)
  An ice beast (D:6)
  3 sky beasts
  An ettin simulacrum (Vaults:1)
  11 centaurs
  31 ogres
  9 wolves
  18 kobold brigands
  4 bullfrogs
  31 scorpions
  9 gnoll sergeants
  11 wights
  Dowan (D:4)
  4 killer bees
  11 howler monkeys
  10 electric eels
  A human simulacrum (Vaults:1)
  A jelly (D:7)
  16 orc priests
  3 hounds
  An iguana (D:6)
  8 gnoll boudas
  2 boggart zombies (D:12)
  30 orc wizards
  7 hell rats
  22 gnolls
  10 adders
  6 river rats (Lair:3)
  4 shadow imps
  2 white imps
  An ufetubus (D:5)
  A worm (D:2)
  2 dart slugs
  55 orcs
  6 ball pythons
  3 endoplasms
  A giant cockroach (D:4)
  6 goblins
  15 hobgoblins
  2 jackals (D:3)
  3 quokkas
  3 bats
  A frilled lizard (D:1)
  39 kobolds
  4 kobold skeletons (D:8)
  14 kobold zombies (D:8)
  4 rats
  2 spectral weapons (Spider:3)
1414 creatures vanquished.

Vanquished Creatures (others)
  A swamp dragon (Swamp:4)
  3 bloated husks
  A chaos spawn (Swamp:4)
  4 foxfires (Swamp:2)
9 creatures vanquished.

Grand Total: 1423 creatures vanquished

Notes
Turn   | Place    | Note
-------+----------+-------------------------------------------
     0 | D:1      | qw the Gargoyle Fighter began the quest for the Orb.
     0 | D:1      | Reached XP level 1. HP: 14/14 MP: 1/1
     0 | D:1      | 0 ||| qw: Version: 0.3-a-41-g9d075ac
     0 | D:1      | 0 ||| qw: Game counter: 778
     0 | D:1      | 0 ||| qw: Melee chars always use a shield: true
     0 | D:1      | 0 ||| qw: God list: Okawaru
     0 | D:1      | 0 ||| qw: Allow faded altars: false
     0 | D:1      | 0 ||| qw: Do Orc after clearing Dungeon:15 true
     0 | D:1      | 0 ||| qw: Do second Lair branch before Depths: true
     0 | D:1      | 0 ||| qw: Lair rune preference: random
     0 | D:1      | 0 ||| qw: Goals: Normal, Zot:1-4, Slime:5, God:TSO, Crypt,
                  | Tomb, Abyss, Pan, Hells, Win
     0 | D:1      | 0 ||| PLANNING D:1-11
   108 | D:1      | 108 ||| Stepping ~*~*~tactically~*~*~ (stealth).
   110 | D:1      | 110 ||| Stepping ~*~*~tactically~*~*~ (hiding).
   117 | D:1      | Reached XP level 2. HP: 19/19 MP: 2/2
   122 | D:1      | 122 ||| Stepping ~*~*~tactically~*~*~ (stealth).
   124 | D:1      | 124 ||| Stepping ~*~*~tactically~*~*~ (stealth).
   293 | D:1      | Found Gifri Vod's Antique Weapon Shoppe.
   294 | D:1      | 294 ||| Stepping ~*~*~tactically~*~*~ (stealth).
   296 | D:1      | 296 ||| Stepping ~*~*~tactically~*~*~ (hiding).
   302 | D:1      | Reached skill level 3 in Axes
   410 | D:1      | 410 ||| SHOPLISTING glowing mace (120 gold, have 40).
   410 | D:1      | 410 ||| SHOPLISTING mace (60 gold, have 40).
   559 | D:1      | 559 ||| Stepping ~*~*~tactically~*~*~ (hiding).
   565 | D:1      | Reached XP level 3. HP: 23/23 MP: 3/3
   891 | D:1      | 891 ||| UPGRADING to +2 pair of gloves.
   896 | D:1      | 896 ||| READING scroll labelled DECOMO UQOCUW.
   897 | D:1      | 897 ||| READING scroll labelled TOASHR QEUNNI.
   998 | D:1      | 998 ||| READING scroll labelled UDAXOA VUDWUSM.
   999 | D:1      | 999 ||| DROPPING +0 whip.
  1000 | D:1      | 1000 ||| READING scroll labelled KOICIMEEFI.
  1001 | D:1      | 1001 ||| READING 2 scrolls labelled SURRUF NUUCOG.
  1062 | D:2      | Found Bupsoef's General Store.
  1068 | D:2      | 1068 ||| BUYING +0 pair of boots (63 gold).
  1068 | D:2      | Bought a +0 pair of boots for 63 gold pieces
  1068 | D:2      | 1068 ||| SHOPLISTING potion of enlightenment (70 gold, have
                  | 59).
  1769 | D:2      | 1769 ||| UPGRADING to +0 pair of boots.
  1774 | D:2      | 1774 ||| READING scroll labelled LAKAANOARR.
  1779 | D:2      | 1779 ||| READING scroll labelled DUSUZX GUEPNU.
  1780 | D:2      | 1780 ||| READING scroll labelled QIKUEFADOS.
  1781 | D:2      | 1781 ||| READING scroll labelled NERIZITUCU.
  1782 | D:2      | 1782 ||| READING scroll labelled OZOATREBLU.
  1783 | D:2      | 1783 ||| READING scroll labelled GIS NEKOX RES.
  1784 | D:2      | 1784 ||| DRINKING 2 bubbling sapphire potions.
  1785 | D:2      | 1785 ||| DRINKING 2 fuming emerald potions.
  1786 | D:2      | 1786 ||| DRINKING 2 bubbling silvery potions.
  1807 | D:3      | Reached XP level 4. HP: 27/28 MP: 4/4
  1851 | D:3      | Found a runed translucent gate.
  1851 | D:3      | Found a runed translucent gate.
  1851 | D:3      | Found an opulent altar of Gozag.
  1855 | D:3      | Found a runed translucent gate.
  1859 | D:3      | Noticed a water moccasin
  1859 | D:3      | Noticed qw's ghost (amateur MiHs)
  1901 | D:3      | Identified the +3 leather armour "Koenif" {Int+4}
  2095 | D:3      | Noticed Sigmund
  2096 | D:3      | 2096 ||| Stepping ~*~*~tactically~*~*~ (stealth).
  2098 | D:3      | 2098 ||| Stepping ~*~*~tactically~*~*~ (stealth).
  2102 | D:3      | 2102 ||| Stepping ~*~*~tactically~*~*~ (hiding).
  2123 | D:3      | Killed Sigmund
  2124 | D:3      | Reached XP level 5. HP: 15/32 MP: 5/5
  2124 | D:3      | Reached XP level 6. HP: 17/37 MP: 6/6
  2475 | D:3      | 2475 ||| UPGRADING to +0 helmet.
  2480 | D:3      | 2480 ||| DROPPING +3 leather armour "Koenif" {Int+4}.
  2481 | D:3      | 2481 ||| READING scroll labelled WOMUNE NEISI.
  2482 | D:3      | 2482 ||| READING 6 scrolls of identify.
  2482 | D:3      | 2482 ||| IDENTIFYING metallic pink potion
  2483 | D:3      | 2483 ||| DROPPING potion of ambrosia.
  2587 | D:4      | Noticed Grinder
  2595 | D:4      | Killed Grinder
  2596 | D:4      | Reached XP level 7. HP: 36/45 MP: 7/7
  2598 | D:4      | 2598 ||| FLEEEEING.
  2599 | D:4      | 2599 ||| FLEEEEING.
  2600 | D:4      | 2600 ||| FLEEEEING.
  2601 | D:4      | 2601 ||| FLEEEEING.
  2602 | D:4      | 2602 ||| FLEEEEING.
  2603 | D:4      | 2603 ||| FLEEEEING.
  2604 | D:4      | 2604 ||| FLEEEEING.
  2605 | D:4      | 2605 ||| FLEEEEING.
  2606 | D:4      | 2606 ||| FLEEEEING.
  2607 | D:4      | 2607 ||| FLEEEEING.
  2608 | D:4      | 2608 ||| FLEEEEING.
  2609 | D:4      | 2609 ||| FLEEEEING.
  2610 | D:4      | 2610 ||| FLEEEEING.
  2657 | D:4      | Found a sacrificial altar of Ru.
  2693 | D:4      | Noticed Dowan
  2693 | D:4      | Noticed Duvessa
  2695 | D:4      | 2695 ||| Stepping ~*~*~tactically~*~*~ (hiding).
  2705 | D:4      | HP: 11/45 [Duvessa/+0 short sword (4)]
  2706 | D:4      | 2706 ||| READING scroll of teleportation.
  2707 | D:4      | 2707 ||| DRINKING potion of heal wounds.
  2709 | D:4      | Killed Duvessa
  2710 | D:4      | Found a staircase to the Ecumenical Temple.
  2711 | D:4      | 2711 ||| PLANNING TEMPLE
  2739 | Temple   | Entered the Ecumenical Temple
  2779 | Temple   | 2779 ||| PLANNING D:1-11
  2806 | D:4      | Killed Dowan
  2831 | D:4      | Found Gemeduss's Fire Supplies.
  2839 | D:4      | 2839 ||| SHOPLISTING +0 fire dragon scales (720 gold, have
                  | 183).
  2839 | D:4      | 2839 ||| SHOPLISTING +2 leather armour of fire resistance
                  | (228 gold, have 183).
  2971 | D:4      | Reached skill level 6 in Axes
  3092 | D:4      | 3092 ||| READING scroll labelled OSOLIT NIOBA.
  3102 | D:5      | Entered Level 5 of the Dungeon
  3116 | D:5      | 3116 ||| Stepping ~*~*~tactically~*~*~ (hiding).
  3128 | D:5      | HP: 2/45 [ogre/+0 giant spiked club (22)]
  3130 | D:5      | Reached XP level 8. HP: 3/51 MP: 8/8
  3307 | D:5      | Found a bloodstained altar of Trog.
  3324 | D:5      | Reached skill level 1 in Throwing
  3353 | D:5      | 3353 ||| Stepping ~*~*~tactically~*~*~ (stealth).
  3372 | D:5      | 3372 ||| FLEEEEING.
  3374 | D:5      | 3374 ||| Stepping ~*~*~tactically~*~*~ (hiding).
  3375 | D:5      | 3375 ||| Stepping ~*~*~tactically~*~*~ (hiding).
  3754 | D:6      | Found an iron altar of Okawaru.
  3755 | D:6      | 3755 ||| PLANNING OKAWARU WORSHIP
  3780 | D:6      | Became a worshipper of Warmaster Okawaru
  3781 | D:6      | 3781 ||| PLANNING D:1-11
  3852 | D:6      | Found Gemoodd's Book Emporium.
  3908 | D:6      | Reached skill level 6 in Fighting
  3931 | D:6      | 3931 ||| READING scroll of enchant weapon.
  3931 | D:6      | 3931 ||| ENCHANTING +1 war axe of flaming.
  3951 | D:6      | 3951 ||| Stepping ~*~*~tactically~*~*~ (hiding).
  3962 | D:6      | 3962 ||| FLEEEEING.
  3964 | D:6      | 3964 ||| FLEEEEING.
  3965 | D:6      | 3965 ||| FLEEEEING.
  3966 | D:6      | 3966 ||| FLEEEEING.
  3967 | D:6      | 3967 ||| FLEEEEING.
  3968 | D:6      | 3968 ||| FLEEEEING.
  3969 | D:6      | 3969 ||| FLEEEEING.
  3970 | D:6      | 3970 ||| FLEEEEING.
  3975 | D:6      | 3975 ||| FLEEEEING.
  3985 | D:6      | 3985 ||| FLEEEEING.
  3986 | D:6      | 3986 ||| FLEEEEING.
  3994 | D:6      | 3994 ||| FLEEEEING.
  4009 | D:6      | 4009 ||| FLEEEEING.
  4010 | D:6      | 4010 ||| FLEEEEING.
  4011 | D:6      | 4011 ||| FLEEEEING.
  4012 | D:6      | 4012 ||| FLEEEEING.
  4014 | D:6      | 4014 ||| FLEEEEING.
  4015 | D:6      | 4015 ||| FLEEEEING.
  4016 | D:6      | 4016 ||| FLEEEEING.
  4017 | D:6      | 4017 ||| FLEEEEING.
  4018 | D:6      | 4018 ||| FLEEEEING.
  4019 | D:6      | 4019 ||| FLEEEEING.
  4020 | D:6      | 4020 ||| FLEEEEING.
  4021 | D:6      | 4021 ||| FLEEEEING.
  4022 | D:6      | 4022 ||| FLEEEEING.
  4023 | D:6      | 4023 ||| FLEEEEING.
  4024 | D:6      | 4024 ||| FLEEEEING.
  4025 | D:6      | 4025 ||| FLEEEEING.
  4026 | D:6      | 4026 ||| FLEEEEING.
  4027 | D:6      | 4027 ||| FLEEEEING.
  4028 | D:6      | 4028 ||| FLEEEEING.
  4029 | D:6      | 4029 ||| FLEEEEING.
  4030 | D:6      | 4030 ||| FLEEEEING.
  4031 | D:6      | 4031 ||| FLEEEEING.
  4032 | D:6      | 4032 ||| FLEEEEING.
  4033 | D:6      | 4033 ||| FLEEEEING.
  4034 | D:6      | 4034 ||| FLEEEEING.
  4035 | D:6      | 4035 ||| FLEEEEING.
  4036 | D:6      | 4036 ||| FLEEEEING.
  4037 | D:6      | 4037 ||| FLEEEEING.
  4038 | D:6      | 4038 ||| STAIRDANCE
  4063 | D:5      | 4063 ||| UPGRADING to +1 cloak.
  4096 | D:6      | Reached XP level 9. HP: 41/55 MP: 9/9
  4102 | D:6      | 4102 ||| Stepping ~*~*~tactically~*~*~ (stealth).
  4148 | D:6      | Reached * piety under Okawaru
  4245 | D:6      | Reached skill level 1 in Invocations
  4294 | D:6      | 4294 ||| Stepping ~*~*~tactically~*~*~ (hiding).
  4299 | D:6      | Reached skill level 9 in Axes
  4438 | D:6      | Noticed a cyclops
  4439 | D:6      | 4439 ||| Stepping ~*~*~tactically~*~*~ (hiding).
  4444 | D:6      | 4444 ||| INVOKING Heroism.
  4451 | D:6      | Killed a cyclops
  4452 | D:6      | Reached skill level 4 in Shields
  4452 | D:6      | Reached skill level 3 in Invocations
  4647 | D:6      | Found a white marble altar of Elyvilon.
  4941 | D:6      | 4941 ||| UPGRADING to +0 plate armour.
  4951 | D:6      | 4951 ||| DROPPING +0 scale mail.
  4952 | D:6      | 4952 ||| READING 3 scrolls labelled GITOORCH BEGUNN.
  4953 | D:6      | 4953 ||| READING 5 scrolls of identify.
  4953 | D:6      | 4953 ||| IDENTIFYING fizzy clear potion
  4954 | D:6      | 4954 ||| DROPPING 2 scrolls of fear.
  5089 | D:7      | Reached ** piety under Okawaru
  5093 | D:7      | Found a radiant altar of Vehumet.
  5142 | D:7      | 5142 ||| INVOKING Heroism.
  5148 | D:7      | Noticed Pikel
  5162 | D:7      | 5162 ||| INVOKING Heroism.
  5171 | D:7      | Killed Pikel
  5182 | D:7      | Reached XP level 10. HP: 52/61 MP: 13/13
  5362 | D:7      | 5362 ||| Stepping ~*~*~tactically~*~*~ (hiding).
  5370 | D:7      | 5370 ||| Stepping ~*~*~tactically~*~*~ (hiding).
  5492 | D:7      | Found a runed translucent door.
  5493 | D:7      | Noticed Crazy Yiuf
  5525 | D:7      | 5525 ||| Stepping ~*~*~tactically~*~*~ (hiding).
  5669 | D:7      | Found a broken altar of Ashenzari.
  5696 | D:7      | 5696 ||| Stepping ~*~*~tactically~*~*~ (hiding).
  6002 | D:7      | 6002 ||| READING scroll labelled PAUVYCV CITA.
  6003 | D:7      | 6003 ||| DRINKING 2 inky potions.
  6027 | D:8      | Noticed Maurice
  6033 | D:8      | Killed Maurice
  6065 | D:8      | 6065 ||| Stepping ~*~*~tactically~*~*~ (hiding).
  6071 | D:8      | 6071 ||| INVOKING Heroism.
  6086 | D:8      | 6086 ||| Stepping ~*~*~tactically~*~*~ (hiding).
  6217 | D:8      | 6217 ||| Stepping ~*~*~tactically~*~*~ (hiding).
  6241 | D:8      | Found an ancient bone altar of Kikubaaqudgha.
  6241 | D:8      | Noticed a kobold demonologist
  6242 | D:8      | 6242 ||| Stepping ~*~*~tactically~*~*~ (hiding).
  6243 | D:8      | 6243 ||| Stepping ~*~*~tactically~*~*~ (hiding).
  6259 | D:8      | Noticed a soul eater
  6259 | D:8      | Killed a kobold demonologist
  6259 | D:8      | Reached *** piety under Okawaru
  6269 | D:8      | 6269 ||| Stepping ~*~*~tactically~*~*~ (stealth).
  6298 | D:8      | 6298 ||| Stepping ~*~*~tactically~*~*~ (stealth).
  6417 | D:8      | 6417 ||| Stepping ~*~*~tactically~*~*~ (stealth).
  6431 | D:8      | 6431 ||| Stepping ~*~*~tactically~*~*~ (stealth).
  6432 | D:8      | 6432 ||| Stepping ~*~*~tactically~*~*~ (stealth).
  6437 | D:8      | 6437 ||| Stepping ~*~*~tactically~*~*~ (stealth).
  6475 | D:8      | 6475 ||| Stepping ~*~*~tactically~*~*~ (stealth).
  6489 | D:8      | Reached skill level 5 in Shields
  6617 | D:8      | 6617 ||| Stepping ~*~*~tactically~*~*~ (stealth).
  6880 | D:8      | 6880 ||| UPGRADING to +6 ring of strength.
  6881 | D:8      | 6881 ||| UPGRADING to ring of protection from cold.
  6882 | D:8      | 6882 ||| READING 7 scrolls of identify.
  6882 | D:8      | 6882 ||| IDENTIFYING pink potion
  6883 | D:8      | 6883 ||| READING 6 scrolls of identify.
  6883 | D:8      | 6883 ||| IDENTIFYING sapphire potion
  6884 | D:8      | 6884 ||| DROPPING potion of degeneration.
  6885 | D:8      | 6885 ||| DROPPING potion of invisibility.
  6925 | D:9      | Found Wiyjiuz's Antique Armour Shoppe.
  6934 | D:9      | 6934 ||| BUYING glowing chain mail (202 gold).
  6934 | D:9      | Bought a glowing chain mail for 202 gold pieces
  6934 | D:9      | 6934 ||| BUYING glowing scarf (216 gold).
  6934 | D:9      | Bought a glowing scarf for 216 gold pieces
  6941 | D:9      | Reached **** piety under Okawaru
  6991 | D:9      | 6991 ||| INVOKING Heroism.
  7074 | D:9      | Found a staircase to the Lair.
  7074 | D:9      | Noticed a death yak
  7075 | D:9      | 7075 ||| INVOKING Heroism.
  7075 | D:9      | Noticed a death yak
  7075 | D:9      | Noticed a death yak
  7077 | D:9      | Noticed a death yak
  7080 | D:9      | Killed a death yak
  7081 | D:9      | Reached XP level 11. HP: 68/68 MP: 11/14
  7084 | D:9      | Noticed a death yak
  7091 | D:9      | Killed a death yak
  7092 | D:9      | Reached skill level 9 in Fighting
  7094 | D:9      | 7094 ||| INVOKING Heroism.
  7099 | D:9      | Killed a death yak
  7108 | D:9      | Killed a death yak
  7112 | D:9      | Killed a death yak
  7117 | D:9      | 7117 ||| INVOKING Heroism.
  7307 | D:9      | Noticed a two-headed ogre
  7308 | D:9      | 7308 ||| INVOKING Heroism.
  7315 | D:9      | Killed a two-headed ogre
  7316 | D:9      | Reached skill level 9 in Armour
  7316 | D:9      | Reached skill level 6 in Invocations
  7342 | D:9      | Noticed an obsidian statue
  7343 | D:9      | 7343 ||| INVOKING Heroism.
  7344 | D:9      | 7344 ||| DROPPING +0 chain mail of willpower.
  7345 | D:9      | 7345 ||| UPGRADING to scarf of repulsion.
  7348 | D:9      | 7348 ||| UPGRADING to scarf of repulsion.
  7352 | D:9      | Noticed a soul eater
  7352 | D:9      | 7352 ||| Stepping ~*~*~tactically~*~*~ (stealth).
  7359 | D:9      | 7359 ||| INVOKING Heroism.
  7368 | D:9      | 7368 ||| UPGRADING to scarf of repulsion.
  7369 | D:9      | 7369 ||| UPGRADING to scarf of repulsion.
  7370 | D:9      | 7370 ||| UPGRADING to scarf of repulsion.
  7372 | D:9      | 7372 ||| UPGRADING to scarf of repulsion.
  7373 | D:9      | 7373 ||| UPGRADING to scarf of repulsion.
  7374 | D:9      | 7374 ||| UPGRADING to scarf of repulsion.
  7375 | D:9      | 7375 ||| UPGRADING to scarf of repulsion.
  7377 | D:9      | Noticed a soul eater
  7377 | D:9      | Noticed a sun demon
  7377 | D:9      | 7377 ||| UPGRADING to scarf of repulsion.
  7382 | D:9      | 7382 ||| UPGRADING to +1 cloak.
  7387 | D:9      | 7387 ||| DRINKING potion of curing.
  7387 | D:9      | 7387 ||| (to cure confusion)
  7388 | D:9      | 7388 ||| UPGRADING to scarf of repulsion.
  7389 | D:9      | 7389 ||| UPGRADING to scarf of repulsion.
  7390 | D:9      | 7390 ||| UPGRADING to scarf of repulsion.
  7391 | D:9      | 7391 ||| UPGRADING to scarf of repulsion.
  7401 | D:9      | 7401 ||| INVOKING Heroism.
  7443 | D:9      | 7443 ||| PLANNING LAIR
  7443 | D:9      | 7443 ||| UPGRADING to scarf of repulsion.
  7568 | Lair:1   | Entered Level 1 of the Lair of Beasts
  7588 | Lair:1   | 7588 ||| INVOKING Heroism.
  7622 | Lair:1   | 7622 ||| INVOKING Heroism.
  7792 | Lair:1   | 7792 ||| INVOKING Heroism.
  7921 | Lair:1   | 7921 ||| INVOKING Heroism.
  7967 | Lair:1   | Received a gift from Okawaru
  7968 | Lair:1   | Reached skill level 12 in Axes
  8080 | Lair:1   | 8080 ||| INVOKING Heroism.
  8095 | Lair:1   | 8095 ||| INVOKING Heroism.
  8143 | Lair:1   | Identified the +10 broad axe of Toffuxae {speed, Int+2}
  8145 | Lair:1   | 8145 ||| SWAPPING to +10 broad axe of Toffuxae {speed,
                  | Int+2}.
  8300 | Lair:1   | 8300 ||| Stepping ~*~*~tactically~*~*~ (hiding).
  8301 | Lair:1   | 8301 ||| Stepping ~*~*~tactically~*~*~ (hiding).
  8311 | Lair:1   | 8311 ||| Stepping ~*~*~tactically~*~*~ (stealth).
  8324 | Lair:1   | 8324 ||| Stepping ~*~*~tactically~*~*~ (stealth).
  8325 | Lair:1   | 8325 ||| INVOKING Heroism.
  8330 | Lair:1   | Reached skill level 6 in Shields
  8602 | Lair:1   | Reached XP level 12. HP: 76/76 MP: 16/16
  8809 | Lair:1   | 8809 ||| READING scroll labelled NACHAC QUXTIBU.
  8810 | Lair:1   | 8810 ||| READING 8 scrolls of identify.
  8810 | Lair:1   | 8810 ||| IDENTIFYING green potion
  8882 | Lair:2   | 8882 ||| READING scroll of enchant armour.
  8882 | Lair:2   | 8882 ||| ENCHANTING +0 helmet.
  8903 | Lair:2   | 8903 ||| INVOKING Heroism.
  8906 | Lair:2   | 8906 ||| Stepping ~*~*~tactically~*~*~ (stealth).
  8920 | Lair:2   | 8920 ||| Stepping ~*~*~tactically~*~*~ (stealth).
  8973 | Lair:2   | Found a staircase to the Swamp.
  9747 | Lair:2   | 9747 ||| DROPPING +6 ring of intelligence.
  9748 | Lair:2   | 9748 ||| READING 9 scrolls of identify.
  9748 | Lair:2   | 9748 ||| IDENTIFYING fizzy puce potion
  9845 | Lair:3   | 9845 ||| Stepping ~*~*~tactically~*~*~ (stealth).
  9906 | Lair:3   | 9906 ||| INVOKING Heroism.
  9922 | Lair:3   | 9922 ||| Stepping ~*~*~tactically~*~*~ (stealth).
  9936 | Lair:3   | 9936 ||| Stepping ~*~*~tactically~*~*~ (stealth).
  9948 | Lair:3   | Noticed a skyshark
  9955 | Lair:3   | Reached skill level 9 in Invocations
  9958 | Lair:3   | Reached ***** piety under Okawaru
  9963 | Lair:3   | Killed a skyshark
 10093 | Lair:3   | 10093 ||| Stepping ~*~*~tactically~*~*~ (stealth).
 10094 | Lair:3   | 10094 ||| Stepping ~*~*~tactically~*~*~ (stealth).
 10151 | Lair:3   | 10151 ||| INVOKING Heroism.
 10153 | Lair:3   | 10153 ||| Stepping ~*~*~tactically~*~*~ (hiding).
 10318 | Lair:3   | Found a hole to the Spider Nest.
 10748 | Lair:4   | Reached XP level 13. HP: 63/82 MP: 20/20
 10750 | Lair:4   | 10750 ||| INVOKING Heroism.
 10897 | Lair:4   | 10897 ||| Stepping ~*~*~tactically~*~*~ (stealth).
 10898 | Lair:4   | 10898 ||| Stepping ~*~*~tactically~*~*~ (stealth).
 10984 | Lair:4   | 10984 ||| Stepping ~*~*~tactically~*~*~ (stealth).
 10995 | Lair:4   | 10995 ||| FLEEEEING.
 10996 | Lair:4   | 10996 ||| FLEEEEING.
 10997 | Lair:4   | 10997 ||| FLEEEEING.
 10998 | Lair:4   | 10998 ||| FLEEEEING.
 10999 | Lair:4   | 10999 ||| FLEEEEING.
 11000 | Lair:4   | 11000 ||| FLEEEEING.
 11001 | Lair:4   | 11001 ||| FLEEEEING.
 11002 | Lair:4   | 11002 ||| FLEEEEING.
 11003 | Lair:4   | 11003 ||| FLEEEEING.
 11008 | Lair:4   | 11008 ||| Stepping ~*~*~tactically~*~*~ (stealth).
 11014 | Lair:4   | 11014 ||| INVOKING Heroism.
 11378 | Lair:4   | Found a viscous altar of Jiyva.
 11379 | Lair:4   | Found a staircase to the Slime Pits.
 11445 | Lair:4   | 11445 ||| Stepping ~*~*~tactically~*~*~ (stealth).
 11446 | Lair:4   | 11446 ||| INVOKING Heroism.
 11447 | Lair:4   | 11447 ||| Stepping ~*~*~tactically~*~*~ (stealth).
 11448 | Lair:4   | 11448 ||| Stepping ~*~*~tactically~*~*~ (stealth).
 11449 | Lair:4   | 11449 ||| INVOKING Finesse.
 11474 | Lair:4   | 11474 ||| Stepping ~*~*~tactically~*~*~ (stealth).
 11475 | Lair:4   | 11475 ||| Stepping ~*~*~tactically~*~*~ (stealth).
 11477 | Lair:4   | 11477 ||| Stepping ~*~*~tactically~*~*~ (stealth).
 11487 | Lair:4   | Identified the +7 battleaxe "Weliat" {freeze, rF+ Str+4
                  | Dex-3} (Okawaru gifted it to you on level 4 of the Lair of
                  | Beasts)
 11487 | Lair:4   | Received a gift from Okawaru
 11506 | Lair:4   | 11506 ||| INVOKING Finesse.
 11628 | Lair:4   | 11628 ||| INVOKING Heroism.
 11629 | Lair:4   | 11629 ||| SWAPPING to +2 war axe of flaming.
 11638 | Lair:4   | 11638 ||| SWAPPING to +10 broad axe of Toffuxae {speed,
                  | Int+2}.
 11713 | Lair:4   | Reached skill level 7 in Shields
 11953 | Lair:4   | 11953 ||| DROPPING amulet of magic regeneration.
 11987 | Lair:5   | Entered Level 5 of the Lair of Beasts
 12104 | Lair:5   | 12104 ||| Stepping ~*~*~tactically~*~*~ (stealth).
 12105 | Lair:5   | 12105 ||| Stepping ~*~*~tactically~*~*~ (stealth).
 12119 | Lair:5   | 12119 ||| FLEEEEING.
 12120 | Lair:5   | 12120 ||| FLEEEEING.
 12121 | Lair:5   | 12121 ||| FLEEEEING.
 12122 | Lair:5   | 12122 ||| FLEEEEING.
 12123 | Lair:5   | 12123 ||| FLEEEEING.
 12182 | Lair:5   | 12182 ||| INVOKING Heroism.
 12183 | Lair:5   | 12183 ||| INVOKING Finesse.
 12186 | Lair:5   | 12186 ||| SWAPPING to +2 war axe of flaming.
 12192 | Lair:5   | 12192 ||| SWAPPING to +10 broad axe of Toffuxae {speed,
                  | Int+2}.
 12257 | Lair:5   | 12257 ||| INVOKING Heroism.
 12258 | Lair:5   | 12258 ||| INVOKING Finesse.
 12262 | Lair:5   | 12262 ||| SWAPPING to +2 war axe of flaming.
 12271 | Lair:5   | Identified the +2 kite shield of the Morning Star {MP+9
                  | Str+3 Stlth+} (Okawaru gifted it to you on level 5 of the
                  | Lair of Beasts)
 12271 | Lair:5   | Received a gift from Okawaru
 12272 | Lair:5   | 12272 ||| SWAPPING to +10 broad axe of Toffuxae {speed,
                  | Int+2}.
 12424 | Lair:5   | 12424 ||| INVOKING Heroism.
 12495 | Lair:5   | 12495 ||| INVOKING Heroism.
 12595 | Lair:5   | 12595 ||| INVOKING Heroism.
 12693 | Lair:5   | 12693 ||| Stepping ~*~*~tactically~*~*~ (stealth).
 12705 | Lair:5   | Reached skill level 15 in Axes
 12723 | Lair:5   | Gained mutation: Your large and strong wings let you fly.
                  | [Gargoyle growth]
 12723 | Lair:5   | Reached XP level 14. HP: 84/90 MP: 21/21
 13125 | Lair:5   | 13125 ||| Stepping ~*~*~tactically~*~*~ (stealth).
 13137 | Lair:5   | 13137 ||| Stepping ~*~*~tactically~*~*~ (stealth).
 13138 | Lair:5   | 13138 ||| Stepping ~*~*~tactically~*~*~ (stealth).
 13146 | Lair:5   | 13146 ||| FLEEEEING.
 13147 | Lair:5   | 13147 ||| FLEEEEING.
 13148 | Lair:5   | 13148 ||| FLEEEEING.
 13149 | Lair:5   | 13149 ||| FLEEEEING.
 13150 | Lair:5   | 13150 ||| FLEEEEING.
 13151 | Lair:5   | 13151 ||| FLEEEEING.
 13180 | Lair:5   | 13180 ||| Stepping ~*~*~tactically~*~*~ (stealth).
 13195 | Lair:5   | 13195 ||| Stepping ~*~*~tactically~*~*~ (stealth).
 13196 | Lair:5   | 13196 ||| Stepping ~*~*~tactically~*~*~ (stealth).
 13197 | Lair:5   | 13197 ||| Stepping ~*~*~tactically~*~*~ (stealth).
 13268 | Lair:5   | 13268 ||| Stepping ~*~*~tactically~*~*~ (stealth).
 13270 | Lair:5   | 13270 ||| Stepping ~*~*~tactically~*~*~ (stealth).
 13271 | Lair:5   | 13271 ||| Stepping ~*~*~tactically~*~*~ (stealth).
 13280 | Lair:5   | 13280 ||| Stepping ~*~*~tactically~*~*~ (stealth).
 13283 | Lair:5   | 13283 ||| Stepping ~*~*~tactically~*~*~ (hiding).
 13295 | Lair:5   | Reached skill level 12 in Fighting
 13330 | Lair:5   | 13330 ||| Stepping ~*~*~tactically~*~*~ (hiding).
 13397 | Lair:5   | 13397 ||| Stepping ~*~*~tactically~*~*~ (hiding).
 13399 | Lair:5   | 13399 ||| FLEEEEING.
 13400 | Lair:5   | 13400 ||| FLEEEEING.
 13401 | Lair:5   | 13401 ||| FLEEEEING.
 13402 | Lair:5   | 13402 ||| FLEEEEING.
 13403 | Lair:5   | 13403 ||| FLEEEEING.
 13407 | Lair:5   | 13407 ||| Stepping ~*~*~tactically~*~*~ (hiding).
 13408 | Lair:5   | 13408 ||| Stepping ~*~*~tactically~*~*~ (hiding).
 13410 | Lair:5   | 13410 ||| Stepping ~*~*~tactically~*~*~ (hiding).
 13491 | Lair:5   | 13491 ||| Stepping ~*~*~tactically~*~*~ (stealth).
 13493 | Lair:5   | 13493 ||| Stepping ~*~*~tactically~*~*~ (stealth).
 13502 | Lair:5   | Reached skill level 3 in Dodging
 13517 | Lair:5   | 13517 ||| Stepping ~*~*~tactically~*~*~ (stealth).
 13564 | Lair:5   | 13564 ||| Stepping ~*~*~tactically~*~*~ (stealth).
 13630 | Lair:5   | 13630 ||| Stepping ~*~*~tactically~*~*~ (stealth).
 13632 | Lair:5   | 13632 ||| Stepping ~*~*~tactically~*~*~ (stealth).
 13648 | Lair:5   | 13648 ||| FLEEEEING.
 13649 | Lair:5   | 13649 ||| FLEEEEING.
 13654 | Lair:5   | 13654 ||| FLEEEEING.
 13711 | Lair:5   | 13711 ||| Stepping ~*~*~tactically~*~*~ (stealth).
 13760 | Lair:5   | Found a corrupted altar of Lugonu.
 13760 | Lair:5   | Found a one-way gate to the infinite horrors of the Abyss.
 13765 | Lair:5   | Identified the +6 spear "Lonob" {speed, *Noise Str+4}
 13768 | Lair:5   | Identified the ring of Rephukk {Wiz rElec rPois Dex+9
                  | Stlth-}
 13893 | Lair:5   | 13893 ||| PLANNING D:1-11
 13893 | Lair:5   | 13893 ||| UPGRADING to +2 kite shield of the Morning Star
                  | {MP+9 Str+3 Stlth+}.
 13944 | Lair:5   | 13944 ||| DROPPING +0 buckler.
 13945 | Lair:5   | 13945 ||| UPGRADING to amulet of regeneration.
 13950 | Lair:5   | 13950 ||| UPGRADING to ring of Rephukk {Wiz rElec rPois
                  | Dex+9 Stlth-}.
 13952 | Lair:5   | 13952 ||| READING 10 scrolls of identify.
 13952 | Lair:5   | 13952 ||| IDENTIFYING smoky coppery potion
 14151 | D:9      | Found a hide-covered altar of Uskayaw.
 14429 | D:10     | Entered Level 10 of the Dungeon
 14434 | D:10     | Received a gift from Okawaru
 14469 | D:10     | Found a snail-covered altar of Cheibriados.
 14493 | D:10     | Noticed Sonja
 14494 | D:10     | 14494 ||| INVOKING Finesse.
 14501 | D:10     | Killed Sonja
 14632 | D:10     | Reached skill level 8 in Shields
 14633 | D:10     | Found a shimmering blue altar of Sif Muna.
 14650 | D:10     | Found Miogypli's Armour Emporium.
 14653 | D:10     | Found Obupeh's General Store.
 14654 | D:10     | Found Fyilig's Distillery.
 14661 | D:10     | 14661 ||| BUYING +1 plate armour of positive energy (416
                  | gold).
 14661 | D:10     | Bought a +1 plate armour of positive energy for 416 gold
                  | pieces
 14760 | D:10     | 14760 ||| Stepping ~*~*~tactically~*~*~ (stealth).
 14807 | D:10     | Found an ornate altar of the Wu Jian Council.
 14862 | D:10     | Noticed Josephine
 14872 | D:10     | Killed Josephine
 14973 | D:10     | Noticed Snorg
 14974 | D:10     | 14974 ||| INVOKING Heroism.
 14985 | D:10     | Killed Snorg
 14986 | D:10     | Reached skill level 9 in Shields
 15073 | D:10     | 15073 ||| Stepping ~*~*~tactically~*~*~ (hiding).
 15215 | D:10     | 15215 ||| Stepping ~*~*~tactically~*~*~ (hiding).
 15442 | D:10     | 15442 ||| UPGRADING to +1 plate armour of positive energy.
 15452 | D:10     | 15452 ||| DROPPING +0 plate armour.
 15618 | D:11     | Reached skill level 10 in Shields
 15636 | D:11     | 15636 ||| Stepping ~*~*~tactically~*~*~ (stealth).
 15637 | D:11     | 15637 ||| Stepping ~*~*~tactically~*~*~ (stealth).
 15639 | D:11     | 15639 ||| Stepping ~*~*~tactically~*~*~ (stealth).
 15641 | D:11     | 15641 ||| Stepping ~*~*~tactically~*~*~ (hiding).
 15680 | D:11     | 15680 ||| Stepping ~*~*~tactically~*~*~ (stealth).
 15682 | D:11     | 15682 ||| INVOKING Heroism.
 15705 | D:11     | HP: 15/92 [skeletal warrior/+0 halberd (13)]
 15706 | D:11     | 15706 ||| READING 2 scrolls of teleportation.
 15707 | D:11     | 15707 ||| DRINKING potion of heal wounds.
 15832 | D:11     | 15832 ||| Stepping ~*~*~tactically~*~*~ (hiding).
 15833 | D:11     | 15833 ||| Stepping ~*~*~tactically~*~*~ (hiding).
 15836 | D:11     | 15836 ||| Stepping ~*~*~tactically~*~*~ (hiding).
 15843 | D:11     | 15843 ||| Stepping ~*~*~tactically~*~*~ (stealth).
 15845 | D:11     | 15845 ||| Stepping ~*~*~tactically~*~*~ (stealth).
 15851 | D:11     | 15851 ||| Stepping ~*~*~tactically~*~*~ (hiding).
 15863 | D:11     | 15863 ||| INVOKING Heroism.
 15900 | D:11     | 15900 ||| Stepping ~*~*~tactically~*~*~ (stealth).
 15904 | D:11     | 15904 ||| INVOKING Finesse.
 15967 | D:11     | 15967 ||| READING 13 scrolls of identify.
 15967 | D:11     | 15967 ||| IDENTIFYING bubbling ruby potion
 16002 | D:11     | Reached skill level 11 in Shields
 16117 | D:11     | 16117 ||| Stepping ~*~*~tactically~*~*~ (hiding).
 16121 | D:11     | 16121 ||| INVOKING Heroism.
 16157 | D:11     | 16157 ||| Stepping ~*~*~tactically~*~*~ (hiding).
 16159 | D:11     | 16159 ||| Stepping ~*~*~tactically~*~*~ (hiding).
 16160 | D:11     | 16160 ||| Stepping ~*~*~tactically~*~*~ (hiding).
 16167 | D:11     | Received a gift from Okawaru
 16199 | D:11     | 16199 ||| Stepping ~*~*~tactically~*~*~ (stealth).
 16204 | D:11     | 16204 ||| Stepping ~*~*~tactically~*~*~ (hiding).
 16256 | D:11     | Found Hulloderr's Gadget Gallery.
 16277 | D:11     | Noticed Erica
 16278 | D:11     | 16278 ||| INVOKING Heroism.
 16279 | D:11     | 16279 ||| INVOKING Finesse.
 16300 | D:11     | Killed Erica
 16301 | D:11     | Reached XP level 15. HP: 91/96 MP: 22/22
 16303 | D:11     | 16303 ||| Stepping ~*~*~tactically~*~*~ (stealth).
 16347 | D:11     | 16347 ||| FLEEEEING.
 16360 | D:11     | 16360 ||| Stepping ~*~*~tactically~*~*~ (stealth).
 16390 | D:11     | 16390 ||| Stepping ~*~*~tactically~*~*~ (hiding).
 16427 | D:11     | 16427 ||| Stepping ~*~*~tactically~*~*~ (hiding).
 16441 | D:11     | Reached skill level 12 in Shields
 16458 | D:11     | 16458 ||| Stepping ~*~*~tactically~*~*~ (hiding).
 16472 | D:11     | 16472 ||| Stepping ~*~*~tactically~*~*~ (hiding).
 16489 | D:11     | 16489 ||| Stepping ~*~*~tactically~*~*~ (hiding).
 16502 | D:11     | 16502 ||| Stepping ~*~*~tactically~*~*~ (stealth).
 16503 | D:11     | 16503 ||| Stepping ~*~*~tactically~*~*~ (stealth).
 16579 | D:11     | Received a gift from Okawaru
 16720 | D:11     | 16720 ||| Stepping ~*~*~tactically~*~*~ (stealth).
 16783 | D:10     | 16783 ||| BUYING potion of heal wounds (75 gold).
 16783 | D:10     | Bought a potion of heal wounds for 75 gold pieces
 16783 | D:10     | 16783 ||| BUYING potion of mutation (120 gold).
 16783 | D:10     | Bought a potion of mutation for 120 gold pieces
 16783 | D:10     | 16783 ||| SHOPLISTING scroll of teleportation (45 gold,
                  | have 34).
 16842 | D:11     | 16842 ||| Stepping ~*~*~tactically~*~*~ (stealth).
 16848 | D:11     | 16848 ||| INVOKING Heroism.
 16867 | D:11     | 16867 ||| Stepping ~*~*~tactically~*~*~ (hiding).
 16868 | D:11     | 16868 ||| Stepping ~*~*~tactically~*~*~ (hiding).
 16902 | D:11     | 16902 ||| Stepping ~*~*~tactically~*~*~ (hiding).
 16903 | D:11     | 16903 ||| Stepping ~*~*~tactically~*~*~ (hiding).
 16905 | D:11     | 16905 ||| Stepping ~*~*~tactically~*~*~ (hiding).
 16906 | D:11     | 16906 ||| Stepping ~*~*~tactically~*~*~ (hiding).
 17035 | D:11     | 17035 ||| PLANNING D
 17101 | D:12     | 17101 ||| READING scroll of enchant armour.
 17101 | D:12     | 17101 ||| ENCHANTING +1 helmet.
 17122 | D:12     | Found Nyost's Antique Armour Shop.
 17141 | D:12     | Noticed Nergalle
 17149 | D:12     | Killed Nergalle
 17150 | D:12     | Reached skill level 3 in Throwing
 17158 | D:12     | 17158 ||| Stepping ~*~*~tactically~*~*~ (stealth).
 17171 | D:12     | 17171 ||| Stepping ~*~*~tactically~*~*~ (hiding).
 17262 | D:12     | 17262 ||| INVOKING Heroism.
 17265 | D:12     | 17265 ||| INVOKING Finesse.
 17266 | D:12     | 17266 ||| SWAPPING to +2 war axe of flaming.
 17272 | D:12     | 17272 ||| SWAPPING to +10 broad axe of Toffuxae {speed,
                  | Int+2}.
 17274 | D:12     | 17274 ||| Stepping randomly (disturbance).
 17275 | D:12     | 17275 ||| Stepping randomly (disturbance).
 17426 | D:12     | Noticed Kirke
 17427 | D:12     | 17427 ||| INVOKING Heroism.
 17428 | D:12     | 17428 ||| INVOKING Finesse.
 17439 | D:12     | Killed Kirke
 17503 | D:12     | 17503 ||| INVOKING Heroism.
 17567 | D:12     | 17567 ||| FLEEEEING.
 17568 | D:12     | 17568 ||| FLEEEEING.
 17569 | D:12     | 17569 ||| FLEEEEING.
 17581 | D:12     | 17581 ||| Stepping ~*~*~tactically~*~*~ (hiding).
 17692 | D:12     | 17692 ||| Stepping ~*~*~tactically~*~*~ (stealth).
 17695 | D:12     | Found a staircase to the Orcish Mines.
 17713 | D:12     | 17713 ||| Stepping ~*~*~tactically~*~*~ (hiding).
 17716 | D:12     | 17716 ||| Stepping ~*~*~tactically~*~*~ (hiding).
 17926 | D:12     | 17926 ||| Stepping ~*~*~tactically~*~*~ (stealth).
 17928 | D:12     | 17928 ||| Stepping ~*~*~tactically~*~*~ (hiding).
 17934 | D:12     | 17934 ||| INVOKING Heroism.
 18112 | D:12     | 18112 ||| READING scroll of enchant armour.
 18112 | D:12     | 18112 ||| ENCHANTING +0 pair of boots.
 18309 | D:12     | 18309 ||| UPGRADING to +4 ring of protection.
 18311 | D:12     | 18311 ||| DROPPING ring of Rephukk {Wiz rElec rPois Dex+9
                  | Stlth-}.
 18408 | D:13     | Noticed Jorgrun
 18409 | D:13     | 18409 ||| INVOKING Heroism.
 18420 | D:13     | Killed Jorgrun
 18420 | D:13     | Received a gift from Okawaru
 18582 | D:13     | Found a gate to the Vaults.
 18616 | D:13     | Noticed Erolcha
 18624 | D:13     | 18624 ||| INVOKING Heroism.
 18626 | D:13     | Killed Erolcha
 18659 | D:13     | Reached skill level 13 in Shields
 18816 | D:13     | 18816 ||| DROPPING ring of ice.
 18844 | D:14     | 18844 ||| INVOKING Heroism.
 19089 | D:14     | 19089 ||| Stepping ~*~*~tactically~*~*~ (hiding).
 19292 | D:14     | Found Leetrepi's Book Emporium.
 19336 | D:14     | Identified the +6 scale mail of Jigsaw {Harm rElec}
                  | (Okawaru gifted it to you on level 14 of the Dungeon)
 19336 | D:14     | Received a gift from Okawaru
 19613 | D:14     | 19613 ||| READING 18 scrolls of identify.
 19613 | D:14     | 19613 ||| IDENTIFYING fuming clear potion
 19614 | D:14     | 19614 ||| DROPPING potion of berserk rage.
 19638 | D:15     | Entered Level 15 of the Dungeon
 19787 | D:15     | 19787 ||| INVOKING Heroism.
 19789 | D:15     | 19789 ||| Stepping ~*~*~tactically~*~*~ (stealth).
 19864 | D:15     | 19864 ||| INVOKING Heroism.
 19865 | D:15     | 19865 ||| SWAPPING to +2 war axe of flaming.
 19870 | D:15     | Reached XP level 16. HP: 101/101 MP: 23/23
 19870 | D:15     | 19870 ||| SWAPPING to +10 broad axe of Toffuxae {speed,
                  | Int+2}.
 19942 | D:15     | 19942 ||| Stepping ~*~*~tactically~*~*~ (hiding).
 20040 | D:15     | 20040 ||| Stepping ~*~*~tactically~*~*~ (hiding).
 20366 | D:15     | 20366 ||| Stepping ~*~*~tactically~*~*~ (hiding).
 20370 | D:15     | 20370 ||| INVOKING Heroism.
 20414 | D:15     | Found a staircase to the Depths.
 20540 | D:15     | 20540 ||| PLANNING ORC
 20627 | Orc:1    | Entered Level 1 of the Orcish Mines
 21014 | Orc:2    | Entered Level 2 of the Orcish Mines
 21014 | Orc:2    | Found a staircase to the Elven Halls.
 21038 | Orc:2    | 21038 ||| Stepping ~*~*~tactically~*~*~ (hiding).
 21273 | Orc:2    | 21273 ||| FLEEEEING.
 21274 | Orc:2    | 21274 ||| FLEEEEING.
 21275 | Orc:2    | 21275 ||| FLEEEEING.
 21276 | Orc:2    | 21276 ||| FLEEEEING.
 21277 | Orc:2    | 21277 ||| FLEEEEING.
 21278 | Orc:2    | 21278 ||| FLEEEEING.
 21279 | Orc:2    | 21279 ||| FLEEEEING.
 21280 | Orc:2    | 21280 ||| FLEEEEING.
 21281 | Orc:2    | 21281 ||| FLEEEEING.
 21282 | Orc:2    | 21282 ||| FLEEEEING.
 21283 | Orc:2    | 21283 ||| FLEEEEING.
 21284 | Orc:2    | 21284 ||| FLEEEEING.
 21285 | Orc:2    | 21285 ||| FLEEEEING.
 21286 | Orc:2    | 21286 ||| FLEEEEING.
 21287 | Orc:2    | 21287 ||| STAIRDANCE
 21335 | Orc:2    | 21335 ||| INVOKING Heroism.
 21353 | Orc:2    | 21353 ||| Stepping ~*~*~tactically~*~*~ (stealth).
 21354 | Orc:2    | 21354 ||| Stepping ~*~*~tactically~*~*~ (stealth).
 21355 | Orc:2    | 21355 ||| Stepping ~*~*~tactically~*~*~ (stealth).
 21356 | Orc:2    | 21356 ||| Stepping ~*~*~tactically~*~*~ (stealth).
 21384 | Orc:2    | 21384 ||| Stepping ~*~*~tactically~*~*~ (stealth).
 21385 | Orc:2    | 21385 ||| Stepping ~*~*~tactically~*~*~ (stealth).
 21387 | Orc:2    | 21387 ||| Stepping ~*~*~tactically~*~*~ (stealth).
 21419 | Orc:2    | 21419 ||| INVOKING Heroism.
 21438 | Orc:2    | Found Kuzo's Magic Scroll Boutique.
 21438 | Orc:2    | Found Bownae's Book Emporium.
 21439 | Orc:2    | Found Vurch's Antique Weapon Emporium.
 21439 | Orc:2    | Found Onilasap's Distillery.
 21444 | Orc:2    | 21444 ||| Stepping ~*~*~tactically~*~*~ (stealth).
 21449 | Orc:2    | 21449 ||| BUYING scroll of brand weapon (114 gold).
 21449 | Orc:2    | Bought a scroll of brand weapon for 114 gold pieces
 21449 | Orc:2    | 21449 ||| BUYING scroll of enchant armour (90 gold).
 21449 | Orc:2    | Bought a scroll of enchant armour for 90 gold pieces
 21450 | Orc:2    | 21450 ||| READING scroll of enchant armour.
 21450 | Orc:2    | 21450 ||| ENCHANTING +1 pair of boots.
 21452 | Orc:2    | 21452 ||| BUYING broad axe (76 gold).
 21452 | Orc:2    | Bought a broad axe for 76 gold pieces
 21452 | Orc:2    | 21452 ||| BUYING glowing broad axe (133 gold).
 21452 | Orc:2    | Bought a glowing broad axe for 133 gold pieces
 21452 | Orc:2    | 21452 ||| DROPPING +0 broad axe.
 21453 | Orc:2    | 21453 ||| Stepping ~*~*~tactically~*~*~ (hiding).
 21471 | Orc:2    | 21471 ||| INVOKING Heroism.
 21472 | Orc:2    | Paralysed by an orc sorcerer for 2 turns
 21508 | Orc:2    | 21508 ||| BUYING potion of curing (39 gold).
 21508 | Orc:2    | Bought a potion of curing for 39 gold pieces
 21508 | Orc:2    | 21508 ||| BUYING potion of enlightenment (65 gold).
 21508 | Orc:2    | Bought a potion of enlightenment for 65 gold pieces
 21508 | Orc:2    | 21508 ||| BUYING potion of haste (130 gold).
 21508 | Orc:2    | Bought a potion of haste for 130 gold pieces
 21508 | Orc:2    | 21508 ||| BUYING potion of might (52 gold).
 21508 | Orc:2    | Bought a potion of might for 52 gold pieces
 21508 | Orc:2    | 21508 ||| BUYING potion of mutation (104 gold).
 21508 | Orc:2    | Bought a potion of mutation for 104 gold pieces
 21548 | Orc:2    | 21548 ||| INVOKING Heroism.
 21567 | Orc:2    | Received a gift from Okawaru
 21568 | Orc:2    | Reached skill level 12 in Armour
 21572 | Orc:2    | Found Foafyeqe's Book Boutique.
 21588 | Orc:1    | 21588 ||| Stepping ~*~*~tactically~*~*~ (hiding).
 21590 | Orc:1    | 21590 ||| Stepping ~*~*~tactically~*~*~ (hiding).
 21595 | Orc:1    | 21595 ||| Stepping ~*~*~tactically~*~*~ (stealth).
 21597 | Orc:1    | 21597 ||| Stepping ~*~*~tactically~*~*~ (stealth).
 21598 | Orc:1    | 21598 ||| Stepping ~*~*~tactically~*~*~ (stealth).
 21734 | Orc:1    | 21734 ||| INVOKING Heroism.
 22114 | Orc:2    | 22114 ||| PLANNING SWAMP:1-3
 22272 | Swamp:1  | Entered Level 1 of the Swamp
 22273 | Swamp:1  | 22273 ||| INVOKING Heroism.
 22282 | Swamp:1  | 22282 ||| Stepping ~*~*~tactically~*~*~ (stealth).
 22367 | Swamp:1  | 22367 ||| Stepping ~*~*~tactically~*~*~ (hiding).
 22467 | Swamp:1  | 22467 ||| INVOKING Heroism.
 22472 | Swamp:1  | Reached skill level 6 in Throwing
 22569 | Swamp:1  | Noticed a tentacled monstrosity
 22570 | Swamp:1  | 22570 ||| INVOKING Heroism.
 22584 | Swamp:1  | Killed a tentacled monstrosity
 22642 | Swamp:1  | 22642 ||| Stepping ~*~*~tactically~*~*~ (hiding).
 22659 | Swamp:1  | Noticed Frances
 22660 | Swamp:1  | 22660 ||| INVOKING Heroism.
 22672 | Swamp:1  | Killed Frances
 22808 | Swamp:1  | 22808 ||| INVOKING Heroism.
 22818 | Swamp:1  | 22818 ||| SWAPPING to +2 war axe of flaming.
 22821 | Swamp:1  | 22821 ||| SWAPPING to +10 broad axe of Toffuxae {speed,
                  | Int+2}.
 23095 | Swamp:2  | 23095 ||| Stepping ~*~*~tactically~*~*~ (hiding).
 23098 | Swamp:2  | 23098 ||| INVOKING Heroism.
 23099 | Swamp:2  | 23099 ||| Stepping ~*~*~tactically~*~*~ (stealth).
 23117 | Swamp:2  | 23117 ||| SWAPPING to +2 war axe of flaming.
 23124 | Swamp:2  | 23124 ||| SWAPPING to +10 broad axe of Toffuxae {speed,
                  | Int+2}.
 23162 | Swamp:2  | 23162 ||| INVOKING Heroism.
 23189 | Swamp:2  | 23189 ||| Stepping ~*~*~tactically~*~*~ (hiding).
 23190 | Swamp:2  | 23190 ||| Stepping ~*~*~tactically~*~*~ (hiding).
 23196 | Swamp:2  | 23196 ||| INVOKING Finesse.
 23203 | Swamp:2  | 23203 ||| SWAPPING to +2 war axe of flaming.
 23207 | Swamp:2  | 23207 ||| SWAPPING to +10 broad axe of Toffuxae {speed,
                  | Int+2}.
 23274 | Swamp:2  | Noticed Donald
 23275 | Swamp:2  | 23275 ||| Stepping ~*~*~tactically~*~*~ (stealth).
 23276 | Swamp:2  | 23276 ||| Stepping ~*~*~tactically~*~*~ (stealth).
 23278 | Swamp:2  | 23278 ||| INVOKING Heroism.
 23288 | Swamp:2  | Killed Donald
 23424 | Swamp:2  | 23424 ||| Stepping ~*~*~tactically~*~*~ (cloud).
 23456 | Swamp:2  | 23456 ||| Stepping ~*~*~tactically~*~*~ (hiding).
 23460 | Swamp:2  | 23460 ||| Stepping ~*~*~tactically~*~*~ (hiding).
 23461 | Swamp:2  | 23461 ||| Stepping ~*~*~tactically~*~*~ (hiding).
 23462 | Swamp:2  | 23462 ||| Stepping ~*~*~tactically~*~*~ (hiding).
 23496 | Swamp:2  | 23496 ||| INVOKING Heroism.
 23521 | Swamp:2  | Reached skill level 18 in Axes
 23605 | Swamp:2  | 23605 ||| INVOKING Heroism.
 23606 | Swamp:2  | 23606 ||| SWAPPING to +2 war axe of flaming.
 23609 | Swamp:2  | Reached XP level 17. HP: 104/108 MP: 24/24
 23609 | Swamp:2  | 23609 ||| SWAPPING to +10 broad axe of Toffuxae {speed,
                  | Int+2}.
 23649 | Swamp:2  | 23649 ||| Stepping ~*~*~tactically~*~*~ (hiding).
 23654 | Swamp:2  | 23654 ||| INVOKING Heroism.
 23735 | Swamp:2  | 23735 ||| FLEEEEING.
 23736 | Swamp:2  | 23736 ||| FLEEEEING.
 23737 | Swamp:2  | 23737 ||| FLEEEEING.
 23738 | Swamp:2  | 23738 ||| FLEEEEING.
 23741 | Swamp:2  | 23741 ||| FLEEEEING.
 23875 | Swamp:3  | 23875 ||| Stepping ~*~*~tactically~*~*~ (stealth).
 23883 | Swamp:3  | 23883 ||| INVOKING Heroism.
 23894 | Swamp:3  | 23894 ||| SWAPPING to +2 war axe of flaming.
 23901 | Swamp:3  | 23901 ||| SWAPPING to +10 broad axe of Toffuxae {speed,
                  | Int+2}.
 23902 | Swamp:3  | 23902 ||| INVOKING Finesse.
 24046 | Swamp:3  | 24046 ||| Stepping ~*~*~tactically~*~*~ (stealth).
 24047 | Swamp:3  | 24047 ||| INVOKING Heroism.
 24118 | Swamp:3  | 24118 ||| INVOKING Heroism.
 24121 | Swamp:3  | 24121 ||| SWAPPING to +2 war axe of flaming.
 24123 | Swamp:3  | 24123 ||| SWAPPING to +10 broad axe of Toffuxae {speed,
                  | Int+2}.
 24126 | Swamp:3  | 24126 ||| SWAPPING to +2 war axe of flaming.
 24129 | Swamp:3  | Noticed a tentacled monstrosity
 24130 | Swamp:3  | 24130 ||| INVOKING Finesse.
 24132 | Swamp:3  | 24132 ||| SWAPPING to +10 broad axe of Toffuxae {speed,
                  | Int+2}.
 24139 | Swamp:3  | Killed a tentacled monstrosity
 24140 | Swamp:3  | Reached skill level 14 in Shields
 24169 | Swamp:3  | 24169 ||| INVOKING Heroism.
 24262 | Swamp:3  | 24262 ||| Stepping ~*~*~tactically~*~*~ (hiding).
 24263 | Swamp:3  | 24263 ||| INVOKING Heroism.
 24292 | Swamp:3  | 24292 ||| Stepping ~*~*~tactically~*~*~ (stealth).
 24295 | Swamp:3  | 24295 ||| Stepping ~*~*~tactically~*~*~ (stealth).
 24300 | Swamp:3  | 24300 ||| Stepping ~*~*~tactically~*~*~ (stealth).
 24302 | Swamp:3  | 24302 ||| Stepping ~*~*~tactically~*~*~ (hiding).
 24419 | Swamp:3  | 24419 ||| Stepping ~*~*~tactically~*~*~ (hiding).
 24427 | Swamp:3  | 24427 ||| Stepping ~*~*~tactically~*~*~ (stealth).
 24535 | Swamp:3  | 24535 ||| Stepping ~*~*~tactically~*~*~ (hiding).
 24567 | Swamp:3  | 24567 ||| Stepping ~*~*~tactically~*~*~ (hiding).
 24568 | Swamp:3  | 24568 ||| Stepping ~*~*~tactically~*~*~ (hiding).
 24571 | Swamp:3  | 24571 ||| INVOKING Heroism.
 24572 | Swamp:3  | 24572 ||| SWAPPING to +2 war axe of flaming.
 24576 | Swamp:3  | 24576 ||| SWAPPING to +10 broad axe of Toffuxae {speed,
                  | Int+2}.
 24581 | Swamp:3  | 24581 ||| Stepping ~*~*~tactically~*~*~ (stealth).
 24582 | Swamp:3  | Noticed a tentacled monstrosity
 24583 | Swamp:3  | 24583 ||| Stepping ~*~*~tactically~*~*~ (stealth).
 24584 | Swamp:3  | 24584 ||| Stepping ~*~*~tactically~*~*~ (hiding).
 24586 | Swamp:3  | 24586 ||| Stepping ~*~*~tactically~*~*~ (hiding).
 24595 | Swamp:3  | Killed a tentacled monstrosity
 24706 | Swamp:3  | 24706 ||| Stepping ~*~*~tactically~*~*~ (stealth).
 24708 | Swamp:3  | 24708 ||| Stepping ~*~*~tactically~*~*~ (stealth).
 24752 | Swamp:3  | 24752 ||| Stepping ~*~*~tactically~*~*~ (hiding).
 24997 | Swamp:3  | 24997 ||| INVOKING Heroism.
 25008 | Swamp:3  | Received a gift from Okawaru
 25038 | Swamp:3  | 25038 ||| Stepping ~*~*~tactically~*~*~ (hiding).
 25039 | Swamp:3  | 25039 ||| Stepping ~*~*~tactically~*~*~ (hiding).
 25040 | Swamp:3  | 25040 ||| Stepping ~*~*~tactically~*~*~ (hiding).
 25041 | Swamp:3  | 25041 ||| INVOKING Heroism.
 25190 | Swamp:3  | 25190 ||| PLANNING SPIDER:1-3
 25190 | Swamp:3  | 25190 ||| DROPPING scarf of repulsion.
 25327 | Spider:1 | Entered Level 1 of the Spider Nest
 25328 | Spider:1 | 25328 ||| INVOKING Finesse.
 25356 | Spider:1 | 25356 ||| INVOKING Heroism.
 25403 | Spider:1 | Received a gift from Okawaru
 25406 | Spider:1 | 25406 ||| INVOKING Heroism.
 25417 | Spider:1 | Reached skill level 15 in Fighting
 25425 | Spider:1 | 25425 ||| DRINKING 5 potions of curing.
 25425 | Spider:1 | 25425 ||| (to cure confusion)
 25481 | Spider:1 | 25481 ||| Stepping ~*~*~tactically~*~*~ (stealth).
 25538 | Spider:1 | 25538 ||| Stepping ~*~*~tactically~*~*~ (stealth).
 25539 | Spider:1 | 25539 ||| Stepping ~*~*~tactically~*~*~ (stealth).
 25543 | Spider:1 | 25543 ||| Stepping ~*~*~tactically~*~*~ (stealth).
 25577 | Spider:1 | 25577 ||| Stepping ~*~*~tactically~*~*~ (hiding).
 25590 | Spider:1 | 25590 ||| DRINKING 4 potions of curing.
 25590 | Spider:1 | 25590 ||| (to cure confusion)
 25605 | Spider:1 | Received a gift from Okawaru
 25606 | Spider:1 | 25606 ||| Stepping ~*~*~tactically~*~*~ (stealth).
 25896 | Spider:2 | 25896 ||| Stepping ~*~*~tactically~*~*~ (hiding).
 25898 | Spider:2 | 25898 ||| Stepping ~*~*~tactically~*~*~ (hiding).
 26013 | Spider:2 | 26013 ||| Stepping ~*~*~tactically~*~*~ (stealth).
 26023 | Spider:2 | 26023 ||| Stepping ~*~*~tactically~*~*~ (stealth).
 26031 | Spider:2 | 26031 ||| Stepping ~*~*~tactically~*~*~ (stealth).
 26036 | Spider:2 | 26036 ||| INVOKING Finesse.
 26107 | Spider:2 | 26107 ||| Stepping ~*~*~tactically~*~*~ (stealth).
 26108 | Spider:2 | 26108 ||| Stepping ~*~*~tactically~*~*~ (stealth).
 26171 | Spider:2 | 26171 ||| Stepping ~*~*~tactically~*~*~ (stealth).
 26228 | Spider:2 | 26228 ||| Stepping ~*~*~tactically~*~*~ (stealth).
 26249 | Spider:2 | 26249 ||| Stepping ~*~*~tactically~*~*~ (stealth).
 26272 | Spider:2 | 26272 ||| Stepping ~*~*~tactically~*~*~ (stealth).
 26278 | Spider:2 | Noticed Nikola
 26279 | Spider:2 | 26279 ||| INVOKING Heroism.
 26280 | Spider:2 | 26280 ||| INVOKING Finesse.
 26290 | Spider:2 | 26290 ||| Stepping ~*~*~tactically~*~*~ (hiding).
 26310 | Spider:2 | Killed Nikola
 26311 | Spider:2 | Reached skill level 15 in Shields
 26311 | Spider:2 | Reached XP level 18. HP: 119/119 MP: 25/25
 26314 | Spider:2 | 26314 ||| Stepping ~*~*~tactically~*~*~ (stealth).
 26315 | Spider:2 | 26315 ||| Stepping ~*~*~tactically~*~*~ (stealth).
 26317 | Spider:2 | 26317 ||| Stepping ~*~*~tactically~*~*~ (stealth).
 26318 | Spider:2 | 26318 ||| Stepping ~*~*~tactically~*~*~ (stealth).
 26329 | Spider:2 | 26329 ||| DROPPING +2 war axe of flaming.
 26330 | Spider:2 | 26330 ||| Stepping ~*~*~tactically~*~*~ (stealth).
 26332 | Spider:2 | 26332 ||| Stepping ~*~*~tactically~*~*~ (stealth).
 26379 | Spider:2 | 26379 ||| Stepping ~*~*~tactically~*~*~ (stealth).
 26489 | Spider:2 | 26489 ||| INVOKING Heroism.
 26513 | Spider:2 | Identified the +1 chain mail of Vefats Gode {-Tele Fly
                  | Regen+} (Okawaru gifted it to you on level 2 of the Spider
                  | Nest)
 26513 | Spider:2 | Received a gift from Okawaru
 26537 | Spider:2 | 26537 ||| Stepping ~*~*~tactically~*~*~ (stealth).
 26570 | Spider:2 | 26570 ||| Stepping ~*~*~tactically~*~*~ (stealth).
 26594 | Spider:2 | 26594 ||| Stepping ~*~*~tactically~*~*~ (stealth).
 26598 | Spider:2 | 26598 ||| Stepping ~*~*~tactically~*~*~ (hiding).
 26599 | Spider:2 | 26599 ||| Stepping ~*~*~tactically~*~*~ (stealth).
 26613 | Spider:2 | 26613 ||| Stepping ~*~*~tactically~*~*~ (stealth).
 26629 | Spider:2 | 26629 ||| Stepping ~*~*~tactically~*~*~ (stealth).
 26630 | Spider:2 | 26630 ||| Stepping ~*~*~tactically~*~*~ (stealth).
 26632 | Spider:2 | 26632 ||| INVOKING Heroism.
 26787 | Spider:2 | 26787 ||| INVOKING Heroism.
 26818 | Spider:2 | 26818 ||| INVOKING Heroism.
 26914 | Spider:2 | 26914 ||| Stepping ~*~*~tactically~*~*~ (stealth).
 27002 | Spider:2 | 27002 ||| DROPPING +1 chain mail of Vefats Gode {-Tele Fly
                  | Regen+}.
 27056 | Spider:3 | Noticed Louise
 27059 | Spider:3 | 27059 ||| STAIRDANCE
 27184 | Spider:3 | Killed Louise
 27201 | Spider:3 | 27201 ||| FLEEEEING.
 27202 | Spider:3 | 27202 ||| FLEEEEING.
 27203 | Spider:3 | 27203 ||| FLEEEEING.
 27204 | Spider:3 | 27204 ||| FLEEEEING.
 27205 | Spider:3 | 27205 ||| FLEEEEING.
 27206 | Spider:3 | 27206 ||| STAIRDANCE
 27290 | Spider:3 | 27290 ||| Stepping randomly (disturbance).
 27291 | Spider:3 | 27291 ||| Stepping randomly (disturbance).
 27309 | Spider:3 | Reached skill level 15 in Armour
 27316 | Spider:3 | 27316 ||| INVOKING Heroism.
 27556 | Spider:3 | Noticed Asterion
 27557 | Spider:3 | 27557 ||| INVOKING Heroism.
 27565 | Spider:3 | Killed Asterion
 27638 | Spider:3 | 27638 ||| Stepping ~*~*~tactically~*~*~ (stealth).
 27654 | Spider:3 | 27654 ||| Stepping ~*~*~tactically~*~*~ (stealth).
 27655 | Spider:3 | 27655 ||| Stepping ~*~*~tactically~*~*~ (stealth).
 27656 | Spider:3 | 27656 ||| FLEEEEING.
 27787 | Spider:3 | 27787 ||| PLANNING SWAMP:4
 27787 | Spider:3 | 27787 ||| UPGRADING to +0 tower shield.
 27797 | Spider:3 | 27797 ||| DROPPING +2 kite shield of the Morning Star {MP+9
                  | Str+3 Stlth+}.
 27921 | Swamp:4  | Entered Level 4 of the Swamp
 27922 | Swamp:4  | 27922 ||| Stepping ~*~*~tactically~*~*~ (hiding).
 27924 | Swamp:4  | 27924 ||| Stepping ~*~*~tactically~*~*~ (hiding).
 27925 | Swamp:4  | 27925 ||| Stepping ~*~*~tactically~*~*~ (hiding).
 28076 | Swamp:4  | 28076 ||| INVOKING Heroism.
 28195 | Swamp:4  | 28195 ||| INVOKING Heroism.
 28208 | Swamp:4  | 28208 ||| Stepping ~*~*~tactically~*~*~ (hiding).
 28268 | Swamp:4  | 28268 ||| INVOKING Heroism.
 28278 | Swamp:4  | Paralysed by an ogre mage for 3 turns
 28287 | Swamp:4  | Received a gift from Okawaru
 28287 | Swamp:4  | Paralysed by something for 4 turns
 28290 | Swamp:4  | Gained mutation: Your spells are a little easier to cast,
                  | but a little less powerful. [a neqoxec]
 28293 | Swamp:4  | 28293 ||| Stepping ~*~*~tactically~*~*~ (cloud).
 28353 | Swamp:4  | 28353 ||| Stepping ~*~*~tactically~*~*~ (stealth).
 28384 | Swamp:4  | 28384 ||| Stepping ~*~*~tactically~*~*~ (stealth).
 28386 | Swamp:4  | 28386 ||| FLEEEEING.
 28402 | Swamp:4  | 28402 ||| Stepping ~*~*~tactically~*~*~ (hiding).
 28406 | Swamp:4  | 28406 ||| INVOKING Heroism.
 28414 | Swamp:4  | Reached skill level 16 in Shields
 28451 | Swamp:4  | 28451 ||| Stepping ~*~*~tactically~*~*~ (hiding).
 28453 | Swamp:4  | 28453 ||| Stepping ~*~*~tactically~*~*~ (hiding).
 28473 | Swamp:4  | 28473 ||| Stepping ~*~*~tactically~*~*~ (stealth).
 28481 | Swamp:4  | 28481 ||| INVOKING Heroism.
 28563 | Swamp:4  | 28563 ||| INVOKING Heroism.
 28568 | Swamp:4  | Paralysed by a fenstrider witch for 2 turns
 28598 | Swamp:4  | Got a decaying rune of Zot
 28603 | Swamp:4  | 28603 ||| Stepping ~*~*~tactically~*~*~ (hiding).
 28605 | Swamp:4  | 28605 ||| Stepping ~*~*~tactically~*~*~ (hiding).
 28629 | Swamp:4  | 28629 ||| Stepping ~*~*~tactically~*~*~ (cloud).
 28637 | Swamp:4  | 28637 ||| Stepping ~*~*~tactically~*~*~ (hiding).
 28747 | Swamp:4  | 28747 ||| Stepping ~*~*~tactically~*~*~ (hiding).
 28750 | Swamp:4  | 28750 ||| Stepping ~*~*~tactically~*~*~ (hiding).
 28754 | Swamp:4  | 28754 ||| INVOKING Heroism.
 28777 | Swamp:4  | Reached skill level 17 in Shields
 28845 | Swamp:4  | Found a frozen archway.
 28848 | Swamp:4  | 28848 ||| INVOKING Heroism.
 28865 | Swamp:4  | 28865 ||| Stepping ~*~*~tactically~*~*~ (hiding).
 28884 | Swamp:4  | Reached XP level 19. HP: 126/126 MP: 26/26
 29058 | Swamp:4  | 29058 ||| Stepping ~*~*~tactically~*~*~ (hiding).
 29378 | Swamp:4  | 29378 ||| PLANNING VAULTS:1-4
 29597 | Vaults:1 | Entered Level 1 of the Vaults
 29611 | Vaults:1 | 29611 ||| Stepping ~*~*~tactically~*~*~ (hiding).
 29831 | Vaults:1 | 29831 ||| INVOKING Heroism.
 30066 | Vaults:1 | 30066 ||| INVOKING Heroism.
 30140 | Vaults:1 | Found a transporter.
 30140 | Vaults:1 | Noticed qw's ghost (adept DEHu)
 30141 | Vaults:1 | Found a transporter.
 30188 | Vaults:1 | 30188 ||| Stepping ~*~*~tactically~*~*~ (hiding).
 30190 | Vaults:1 | 30190 ||| Stepping ~*~*~tactically~*~*~ (hiding).
 30205 | Vaults:1 | Reached skill level 18 in Shields
 30280 | Vaults:1 | 30280 ||| Stepping ~*~*~tactically~*~*~ (hiding).
 30283 | Vaults:1 | 30283 ||| Stepping ~*~*~tactically~*~*~ (hiding).
 30357 | Vaults:1 | 30357 ||| Stepping ~*~*~tactically~*~*~ (hiding).
 30360 | Vaults:1 | 30360 ||| Stepping ~*~*~tactically~*~*~ (hiding).
 30361 | Vaults:1 | 30361 ||| Stepping ~*~*~tactically~*~*~ (hiding).
 30362 | Vaults:1 | 30362 ||| INVOKING Heroism.
 30726 | Vaults:1 | 30726 ||| INVOKING Heroism.
 30759 | Vaults:1 | 30759 ||| INVOKING Finesse.
 30941 | Vaults:1 | 30941 ||| FLEEEEING.
 30943 | Vaults:1 | 30943 ||| Stepping ~*~*~tactically~*~*~ (hiding).
 30944 | Vaults:1 | 30944 ||| Stepping ~*~*~tactically~*~*~ (hiding).
 30946 | Vaults:1 | 30946 ||| Stepping ~*~*~tactically~*~*~ (hiding).
 31372 | Vaults:1 | 31372 ||| DROPPING ring of see invisible.
 31567 | Vaults:2 | 31567 ||| Stepping ~*~*~tactically~*~*~ (hiding).
 31584 | Vaults:2 | Reached skill level 19 in Shields
 31802 | Vaults:2 | 31802 ||| INVOKING Heroism.
 31809 | Vaults:2 | 31809 ||| INVOKING Finesse.
 31942 | Vaults:2 | 31942 ||| INVOKING Finesse.
 31969 | Vaults:2 | 31969 ||| INVOKING Heroism.
 31984 | Vaults:2 | 31984 ||| Stepping ~*~*~tactically~*~*~ (hiding).
 31985 | Vaults:2 | 31985 ||| Stepping ~*~*~tactically~*~*~ (hiding).
 31992 | Vaults:2 | 31992 ||| Stepping ~*~*~tactically~*~*~ (hiding).
 31994 | Vaults:2 | 31994 ||| Stepping ~*~*~tactically~*~*~ (hiding).
 32008 | Vaults:2 | Found a staircase to the Crypt.
 32036 | Vaults:2 | 32036 ||| Stepping ~*~*~tactically~*~*~ (hiding).
 32166 | Vaults:2 | 32166 ||| Stepping ~*~*~tactically~*~*~ (hiding).
 32176 | Vaults:2 | Received a gift from Okawaru
 32214 | Vaults:2 | 32214 ||| Stepping ~*~*~tactically~*~*~ (stealth).
 32219 | Vaults:2 | 32219 ||| INVOKING Heroism.
 32220 | Vaults:2 | 32220 ||| INVOKING Finesse.
 32355 | Vaults:2 | Identified the +8 rapier of Contention {flame, Dex+2
                  | Stlth+}
 32357 | Vaults:2 | 32357 ||| Stepping ~*~*~tactically~*~*~ (hiding).
 32360 | Vaults:2 | 32360 ||| Stepping ~*~*~tactically~*~*~ (hiding).
 32361 | Vaults:2 | 32361 ||| Stepping ~*~*~tactically~*~*~ (hiding).
 32391 | Vaults:2 | 32391 ||| INVOKING Heroism.
 32456 | Vaults:2 | 32456 ||| DRINKING 6 potions of curing.
 32456 | Vaults:2 | 32456 ||| (to cure confusion)
 32467 | Vaults:2 | 32467 ||| FLEEEEING.
 32468 | Vaults:2 | 32468 ||| FLEEEEING.
 32469 | Vaults:2 | 32469 ||| FLEEEEING.
 32470 | Vaults:2 | 32470 ||| FLEEEEING.
 32471 | Vaults:2 | 32471 ||| FLEEEEING.
 32472 | Vaults:2 | 32472 ||| FLEEEEING.
 32473 | Vaults:2 | 32473 ||| FLEEEEING.
 32476 | Vaults:2 | 32476 ||| FLEEEEING.
 32477 | Vaults:2 | 32477 ||| FLEEEEING.
 32478 | Vaults:2 | 32478 ||| FLEEEEING.
 32479 | Vaults:2 | 32479 ||| FLEEEEING.
 32485 | Vaults:2 | 32485 ||| FLEEEEING.
 32486 | Vaults:2 | 32486 ||| FLEEEEING.
 32487 | Vaults:2 | 32487 ||| FLEEEEING.
 32488 | Vaults:2 | 32488 ||| FLEEEEING.
 32489 | Vaults:2 | 32489 ||| FLEEEEING.
 32490 | Vaults:2 | 32490 ||| FLEEEEING.
 32497 | Vaults:2 | 32497 ||| FLEEEEING.
 32498 | Vaults:2 | 32498 ||| FLEEEEING.
 32499 | Vaults:2 | 32499 ||| FLEEEEING.
 32504 | Vaults:2 | 32504 ||| FLEEEEING.
 32505 | Vaults:2 | 32505 ||| FLEEEEING.
 32506 | Vaults:2 | 32506 ||| FLEEEEING.
 32507 | Vaults:2 | 32507 ||| FLEEEEING.
 32508 | Vaults:2 | 32508 ||| FLEEEEING.
 32509 | Vaults:2 | 32509 ||| FLEEEEING.
 32510 | Vaults:2 | 32510 ||| FLEEEEING.
 32514 | Vaults:2 | 32514 ||| STAIRDANCE
 32616 | Vaults:1 | 32616 ||| DROPPING amulet of guardian spirit.
 32620 | Vaults:2 | 32620 ||| STAIRDANCE
 32724 | Vaults:2 | 32724 ||| STAIRDANCE
 32933 | Vaults:2 | 32933 ||| INVOKING Heroism.
 32934 | Vaults:2 | 32934 ||| INVOKING Finesse.
 33304 | Vaults:3 | 33304 ||| FLEEEEING.
 33305 | Vaults:3 | 33305 ||| FLEEEEING.
 33306 | Vaults:3 | 33306 ||| FLEEEEING.
 33307 | Vaults:3 | 33307 ||| FLEEEEING.
 33308 | Vaults:3 | 33308 ||| FLEEEEING.
 33311 | Vaults:3 | 33311 ||| FLEEEEING.
 33312 | Vaults:3 | 33312 ||| FLEEEEING.
 33314 | Vaults:3 | 33314 ||| STAIRDANCE
 33355 | Vaults:3 | 33355 ||| Stepping ~*~*~tactically~*~*~ (hiding).
 33361 | Vaults:3 | 33361 ||| Stepping ~*~*~tactically~*~*~ (hiding).
 33382 | Vaults:3 | Reached XP level 20. HP: 134/134 MP: 27/27
 33510 | Vaults:3 | Noticed Margery
 33511 | Vaults:3 | 33511 ||| INVOKING Heroism.
 33512 | Vaults:3 | 33512 ||| INVOKING Finesse.
 33519 | Vaults:3 | Killed Margery
 33677 | Vaults:3 | 33677 ||| Stepping ~*~*~tactically~*~*~ (hiding).
 33678 | Vaults:3 | 33678 ||| Stepping ~*~*~tactically~*~*~ (hiding).
 33768 | Vaults:3 | 33768 ||| Stepping ~*~*~tactically~*~*~ (hiding).
 33781 | Vaults:3 | Received a gift from Okawaru
 33874 | Vaults:3 | 33874 ||| Stepping ~*~*~tactically~*~*~ (hiding).
 33876 | Vaults:3 | 33876 ||| Stepping ~*~*~tactically~*~*~ (hiding).
 33973 | Vaults:3 | 33973 ||| Stepping ~*~*~tactically~*~*~ (hiding).
 34029 | Vaults:3 | Found a large runed translucent door.
 34029 | Vaults:3 | Found a large runed translucent door.
 34029 | Vaults:3 | Noticed Bailed's ghost (veteran MiMo)
 34029 | Vaults:3 | Noticed Ugguttuj's ghost (veteran DrWn)
 34154 | Vaults:3 | 34154 ||| Stepping ~*~*~tactically~*~*~ (hiding).
 34219 | Vaults:3 | 34219 ||| Stepping ~*~*~tactically~*~*~ (hiding).
 34641 | Vaults:4 | 34641 ||| INVOKING Heroism.
 34673 | Vaults:4 | Received a gift from Okawaru
 34693 | Vaults:4 | Reached skill level 18 in Fighting
 34707 | Vaults:4 | 34707 ||| Stepping ~*~*~tactically~*~*~ (hiding).
 34926 | Vaults:4 | 34926 ||| Stepping ~*~*~tactically~*~*~ (hiding).
 35041 | Vaults:4 | Reached skill level 9 in Throwing
 35049 | Vaults:4 | Received a gift from Okawaru
 35067 | Vaults:4 | Identified the +1 robe of Miracles {rF- Str+6 Int+3}
 35404 | Vaults:4 | Received a gift from Okawaru
 35449 | Vaults:4 | Identified the +4 flail "Kecet" {heavy, *Corrode Str+4}
 35450 | Vaults:4 | 35450 ||| FLEEEEING.
 35451 | Vaults:4 | 35451 ||| FLEEEEING.
 35452 | Vaults:4 | 35452 ||| FLEEEEING.
 35453 | Vaults:4 | 35453 ||| FLEEEEING.
 35454 | Vaults:4 | 35454 ||| FLEEEEING.
 35455 | Vaults:4 | 35455 ||| FLEEEEING.
 35663 | Vaults:4 | 35663 ||| INVOKING Heroism.
 35664 | Vaults:4 | 35664 ||| INVOKING Finesse.
 35720 | Vaults:4 | 35720 ||| PLANNING SPIDER:4
 35720 | Vaults:4 | 35720 ||| DROPPING scarf of repulsion.
 35721 | Vaults:4 | 35721 ||| DROPPING +1 chain mail of poison resistance.
 35722 | Vaults:4 | 35722 ||| READING scroll labelled PUCZIECWEI.
 35962 | Spider:4 | Entered Level 4 of the Spider Nest
 36027 | Spider:4 | 36027 ||| Stepping ~*~*~tactically~*~*~ (hiding).
 36116 | Spider:4 | 36116 ||| Stepping ~*~*~tactically~*~*~ (stealth).
 36230 | Spider:4 | 36230 ||| Stepping ~*~*~tactically~*~*~ (hiding).
 36237 | Spider:4 | 36237 ||| INVOKING Heroism.
 36508 | Spider:4 | Reached skill level 20 in Shields
 36520 | Spider:4 | 36520 ||| Stepping ~*~*~tactically~*~*~ (hiding).
 36715 | Spider:4 | 36715 ||| DRINKING 7 potions of curing.
 36715 | Spider:4 | 36715 ||| (to cure confusion)
 36787 | Spider:4 | 36787 ||| INVOKING Finesse.
 37073 | Spider:4 | Reached XP level 21. HP: 141/141 MP: 7/28
 37446 | Spider:4 | Got a gossamer rune of Zot
 37467 | Spider:4 | 37467 ||| PLANNING DEPTHS
 37467 | Spider:4 | 37467 ||| DROPPING +2 hat.
 37468 | Spider:4 | 37468 ||| DROPPING scarf of shadows.
 37791 | Depths:1 | Entered Level 1 of the Depths
 37791 | Depths:1 | Found a gateway to Hell.
 37809 | Depths:1 | 37809 ||| INVOKING Finesse.
 37900 | Depths:1 | 37900 ||| Stepping ~*~*~tactically~*~*~ (hiding).
 37903 | Depths:1 | 37903 ||| Stepping ~*~*~tactically~*~*~ (hiding).
 37905 | Depths:1 | 37905 ||| INVOKING Heroism.
 37906 | Depths:1 | 37906 ||| INVOKING Finesse.
 37967 | Depths:1 | 37967 ||| INVOKING Finesse.
 37976 | Depths:1 | 37976 ||| INVOKING Heroism.
 37996 | Depths:1 | Paralysed by a floating eye for 3 turns
 38027 | Depths:1 | Paralysed by a floating eye for 4 turns
 38028 | Depths:1 | HP: 29/144 [fire dragon/blast of flame (37)]
 38030 | Depths:1 | Killed from afar by a fire dragon

Levels and vault maps discovered:
D:1:      minmay_arrival_doors, layout_loops_ring, serial_shops,
          nicolae_shop_just_a_little_nook
D:2:      layout_basic, serial_shops, shop
D:3:      layout_rooms, ebering_ghost_gozag, minmay_pentomino_pile, uniq_sigmund
D:4:      layout_gridville, nicolae_ru_awakened_eye,
          minmay_temple_entry_glassed_door, nicolae_shop_fire_sale
          [nicolae_sub_dead_trees], uniq_duvessa, uniq_grinder
D:5:      layout_rooms, mainiacjoe_overflow_concentric_impassable
D:6:      layout_basic, okawaru_trees_2, elyvilon_altar_4, serial_shops,
          nicolae_shop_pleasant_corner_grove, kb_rosetta
D:7:      layout_loops_ring, mainiacjoe_overflow_alcove_4, vehumet_crystals,
          uniq_pikel, uniq_crazy_yiuf_cottage
D:8:      wander_kiku_kobolds, layout_rooms, uniq_maurice
D:9:      layout_gridville, mainiacjoe_overflow_surrounded_room,
          dpeg_lair_monsters, dk_noncrumbling_2, chequers_big_river,
          nicolae_stop_n_shop_1, eino_tiny_chamber, minmay_statue_bubble
D:10:     minmay_skewed_foursquare, layout_gridville, mainiacjoe_overflow_paths,
          mainiacjoe_overflow_tiny_flanked, nicolae_overflow_crystal_walls,
          nicolae_concentric_dashed_squares_mild, minmay_curled_crystal,
          nicolae_shop_distant_corner_stores, nzn_life_drinkers, uniq_sonja,
          uniq_snorg, uniq_josephine
D:11:     lemuel_castle_with_subvaults [lemuel_castle_interior_carwin_1],
          layout_stronghold, nicolae_shop_gadgets, uniq_erica
D:12:     layout_irregular_city, david_orc_3, serial_shops,
          nicolae_shop_dealshenge, serial_undead, serial_undead_c,
          serial_undead_a, serial_undead_a, serial_undead_c, uniq_nergalle,
          uniq_kirke
D:13:     layout_big_octagon, uniq_jorgrun, uniq_erolcha
D:14:     layout_stronghold, serial_shops, nicolae_shop_hallway_plus,
          hangedman_abyss_or_decor_stabs, kennysheep_generic_room_6
D:15:     grunt_enter_depths_hoard, layout_basic
Temple:   pdpol_scorched_temple
Lair:1:   layout_cave_shapes, serial_forest, infiniplex_forest_clump_double,
          infiniplex_forest_clump_medium, infiniplex_forest_pool,
          infiniplex_forest_straight_2, infiniplex_forest_straight_3,
          infiniplex_forest_clump_long, infiniplex_forest_lined_corner,
          st_stairs_3, nicolae_quartered_pool_little
Lair:2:   layout_layer_cave, skrybe_swamp_entry_bodies,
          amcnicky_mini_pool_medium, lemuel_fruit_tree,
          infiniplex_staircase_pool, serial_bayou_shore_a
Lair:3:   layout_roguey, dummy_spider_entry, kennysheep_rathole,
          grunt_megastairs_2
Lair:4:   layout_regular_city, slime_entry_1, ldierk_geyser
Lair:5:   hellmonk_lair_end_abyssal_woods, layout_cave_pods
Swamp:1:  layout_basic_swamp, evilmike_swamp_ruin_house_1, uniq_frances
Swamp:2:  layout_basic_swamp, hangedman_swamp_cone, swamp_pool4, uniq_donald
Swamp:3:  nzn_winding_woodlands_medium [nzn_winding_woodlands_5x5_cross,
          nzn_winding_woodlands_5x15_twine,
          nzn_winding_woodlands_5x5_checkerboard,
          nzn_winding_woodlands_5x5_three,
          nzn_winding_woodlands_center_diamonds,
          nzn_winding_woodlands_5x5_default,
          nzn_winding_woodlands_5x5_open_star,
          nzn_winding_woodlands_5x15_sidewinder,
          nzn_winding_woodlands_5x5_closed_star], layout_falls_marsh,
          nicolae_swamp_oxbows
Swamp:4:  nzn_swamp_witches_coven, layout_basic_swamp,
          portal_ice_cave_entry_pillars_four
Spider:1: layout_spider_delve, drop_trap
Spider:2: spiders_nest_a, hangedman_spider_tarantella_strand, uniq_nikola
Spider:3: layout_spider_delve, uniq_louise, uniq_asterion
Spider:4: spider_rune_water
Orc:1:    hellmonk_paralyzer, layout_diamond_mine
Orc:2:    st_orc_ogre_mass, layout_caves, serial_shops, shop
Vaults:1: gammafunk_ghost_arena, nicolae_vaults_twisting_passages,
          hangedman_vaults_slice, nicolae_vaults_cornered_office,
          nicolae_vaults_little_squares_5, nicolae_vaults_trapezoid_layered,
          layout_vaults_omnigrid
Vaults:2: ontoclasm_vaults_loading_screen, minmay_crypt_entry_simple_sparse,
          nicolae_vaults_house_3, nicolae_vaults_house_1, st_squares,
          nicolae_vaults_house_3, hangedman_vaults_locks,
          nicolae_vaults_circle_grid_b, v_misc_2, v_misc_16,
          ontoclasm_vaults_shuriken, v_misc_1, v_misc_5, v_pattern_1,
          nicolae_vaults_heart-shaped_vault, nicolae_vaults_trapezoid_1,
          layout_vaults_omnibox
Vaults:3: advil_vaults_ghost_guards, nicolae_vaults_mitosis,
          nicolae_vaults_theta, grunt_vaults_focal, vaults_dpeg_doors,
          nicolae_vaults_house_1, grunt_vaults_funnel,
          nicolae_vaults_little_squares_2, ontoclasm_vaults_hangar,
          nicolae_vaults_closet_pinwheel_3, v_misc_26, grunt_vaults_diagonal,
          vaults_room_pool, layout_vaults_omnicross, uniq_margery
Vaults:4: nicolae_vaults_weapon_check, nicolae_vaults_surprise_closet,
          nicolae_vaults_quartermaster, hangedman_vaults_stagger,
          ontoclasm_vaults_decontamination, nicolae_vaults_trapezoid_1,
          nicolae_vaults_double_plus_2, vaults_dpeg_ring, layout_vaults_big_room
Depths:1: minmay_the_grid_square_5x5_4x4_mashed
          [minmay_the_grid_square_5x5_doubleslash,
          minmay_the_grid_square_5x5_trominoes,
          minmay_the_grid_square_5x5_checkered_sparse,
          minmay_the_grid_square_5x5_slash, minmay_the_grid_square_5x5_three,
          minmay_the_grid_square_5x5_prize_rear_guard,
          minmay_the_grid_square_5x5_prize_waves,
          minmay_the_grid_square_5x5_pentomino_r,
          minmay_the_grid_square_5x5_spiral,
          minmay_the_grid_square_5x5_prize_open,
          minmay_the_grid_square_5x5_prize_pseudospiral,
          minmay_the_grid_square_5x5_bracketed,
          minmay_the_grid_square_5x5_inverted_slash,
          minmay_the_grid_square_5x5_moneybag, minmay_the_grid_square_5x5_lines,
          minmay_the_grid_square_5x5_tri_point], layout_twisted_cross,
          nicolae_abyss_entry_one_way_or_another, hell_entry,
          hangedman_decor_opposing

Skill      XL: |  1  2  3  4  5  6  7  8  9 10 11 12 13 14 15 16 17 18 19 20 21 |
---------------+----------------------------------------------------------------+-----
Axes           | 2 3 5 6 8 9 11 12 13 15 16 18 | 18.0
Fighting       | 5 6 8 9 10 11 12 13 15 16 17 18 19 | 19.0
Dodging        | 2 4 5 |  5.0
Throwing       | 1 2 5 6 10 | 10.0
Armour         | 4 7 8 9 10 11 12 14 15 16 17 | 17.8
Invocations    | 4 6 10 | 10.0
Shields        | 4 5 6 7 11 13 15 17 19 20 | 20.0

Action                     |  1- 3 |  4- 6 |  7- 9 | 10-12 | 13-15 | 16-18 | 19-21 || total
---------------------------+-------+-------+-------+-------+-------+-------+-------++-------
  Melee: War axe           |    73 |    61 |   210 |   377 |    31 |    27 |       ||   779
         Broad axe         |       |       |       |   176 |  1029 |  1293 |  1127 ||  3625
  Throw: Boomerang         |       |    17 |    59 |   141 |    17 |   158 |    63 ||   455
         Javelin           |       |       |       |       |    22 |    83 |    60 ||   165
 Invoke: Heroism           |       |       |     3 |    19 |    24 |    42 |    15 ||   103
         Finesse           |       |       |       |       |     9 |     6 |    11 ||    26
    Use: Scroll            |    11 |     2 |     5 |     7 |     6 |     1 |     1 ||    33
         Potion            |     3 |       |     1 |     2 |     1 |     2 |     2 ||    11
   Stab: Distracted        |       |       |       |       |     1 |       |       ||     1
 Armour: Scale mail        |    28 |    44 |    75 |       |       |       |       ||   147
         Plate armour      |       |       |    35 |   293 |   372 |   487 |   335 ||  1522
  Dodge: Dodged            |    18 |    28 |    79 |   147 |   191 |   181 |   124 ||   768
         Repelled          |       |       |       |     1 |     2 |     8 |     4 ||    15
  Block: Buckler           |     6 |     5 |    49 |   101 |    49 |       |       ||   210
         Kite shield       |       |       |       |       |   332 |   405 |       ||   737
         Tower shield      |       |       |       |       |       |   110 |   568 ||   678

Table legend:
 A = Non-vault XP
 B = Vault XP
 C = Vault XP percentage of total XP
 D = Non-vault monster count
 E = Vault monster count
 F = Vault count percentage of total count
                 A         B        C        D         E       F
            +---------+---------+-------+---------+---------+-------
      Total |  296184 |  230891 |  43.8 |     860 |     549 |  39.0
            +---------+---------+-------+---------+---------+-------
        D:1 |      39 |       0 |   0.0 |      22 |       0 |   0.0
        D:2 |      31 |       0 |   0.0 |       9 |       0 |   0.0
        D:3 |      57 |     246 |  81.2 |      12 |       5 |  29.4
        D:4 |     106 |     506 |  82.7 |      17 |       3 |  15.0
        D:5 |     694 |       0 |   0.0 |      12 |       0 |   0.0
        D:6 |     965 |     884 |  47.8 |      22 |       5 |  18.5
        D:7 |     714 |     663 |  48.1 |      17 |       1 |   5.6
        D:8 |    1397 |    1841 |  56.9 |      31 |      53 |  63.1
        D:9 |    1558 |    4045 |  72.2 |      18 |       5 |  21.7
       D:10 |    2553 |    5330 |  67.6 |      27 |      14 |  34.1
       D:11 |   10624 |    9126 |  46.2 |      24 |      53 |  68.8
       D:12 |    5894 |    7310 |  55.4 |      32 |      27 |  45.8
       D:13 |    6452 |    2470 |  27.7 |      21 |       2 |   8.7
       D:14 |    8128 |     670 |   7.6 |      19 |       2 |   9.5
       D:15 |    6605 |    1746 |  20.9 |      11 |       2 |  15.4
     Lair:1 |    5224 |     592 |  10.2 |      25 |       2 |   7.4
     Lair:2 |     820 |    2031 |  71.2 |       3 |       6 |  66.7
     Lair:3 |    5597 |    2785 |  33.2 |      19 |      20 |  51.3
     Lair:4 |   14902 |       0 |   0.0 |      41 |       0 |   0.0
     Lair:5 |    9422 |   10469 |  52.6 |      23 |      39 |  62.9
    Swamp:1 |   12440 |    1469 |  10.6 |      27 |       1 |   3.6
    Swamp:2 |   14889 |    1378 |   8.5 |      35 |       1 |   2.8
    Swamp:3 |   12789 |   14769 |  53.6 |      25 |      20 |  44.4
    Swamp:4 |   15268 |   25468 |  62.5 |      28 |      38 |  57.6
   Spider:1 |   20499 |       0 |   0.0 |      64 |       0 |   0.0
   Spider:2 |   17411 |   18023 |  50.9 |      49 |      60 |  55.0
   Spider:3 |   10060 |    2885 |  22.3 |      27 |       2 |   6.9
   Spider:4 |    8780 |   16520 |  65.3 |      24 |      40 |  62.5
      Orc:1 |    1064 |    1681 |  61.2 |      21 |       5 |  19.2
      Orc:2 |    2607 |   16087 |  86.1 |      23 |      39 |  62.9
   Vaults:1 |   14935 |    9638 |  39.2 |      24 |      15 |  38.5
   Vaults:2 |   24085 |   24396 |  50.3 |      33 |      29 |  46.8
   Vaults:3 |   10037 |   13912 |  58.1 |      15 |      17 |  53.1
   Vaults:4 |   39091 |   18423 |  32.0 |      49 |      27 |  35.5
   Depths:1 |   10447 |   15528 |  59.8 |      11 |      16 |  59.3
            +---------+---------+-------+---------+---------+-------
